 Dungeon Crawl Stone Soup version 0.31-a0-354-g827e0957a7 (webtiles) character file.

Game seed: 13832368695164913835

6294561 Conn the Archmage (level 27, 157/157 HPs)
             Began as an Octopode Fire Elementalist on July 23, 2023.
             Was the Champion of Sif Muna.
             Escaped with the Orb
             ... and 11 runes on July 25, 2023!
             The game lasted 14:05:03 (160709 turns).

Conn the Archmage (Octopode Fire Elementalist)    Turns: 160709, Time: 14:05:03

Health: 157/157    AC: 14    Str: 19    XL:     27
Magic:  46/46      EV: 36    Int: 49    God:    Sif Muna [******]
Gold:   16347      SH: 41    Dex: 29    Spells: 4/80 levels left

rFire   + + +        c - staff of Yesterday {Fragile rPois rN+ MP+9 Conj}
rCold   + + .        g - +8 tower shield "Ecsichua" {+Blink rC- Str+4 Int+3}
rNeg    + + .        Y - +1 hat of the Meadowlark {Dex+5}
rPois   +            m - amulet "Jonnow" {Reflect Harm rF+++ rC- Will+++ SH+5}
rElec   +            X - ring "Tairhuga" {rPois rCorr Str+7}
rCorr   +            F - ring of Wishful Thinking {Ice *Corrode rPois Will+++ Slay+4 SInv}
SInv    +            i - ring of fire
Will    +++++        L - ring of the Tortoise {AC+8}
Stlth   ++++         M - ring "Tusapi" {*Corrode rElec rPois AC+4 Int+5}
HPRegen 0.46/turn    P - ring "Jighureck" {rF+ rC+++ rCorr Str-5 Int+7}
MPRegen 0.30/turn    u - ring of the King {*Corrode Str+4 Int+6 Dex+5}
                     n - ring of Soonus {Wiz rC+ rN+ Dex+3}

%: corrode self (9%), harm (+30% outgoing, +20% incoming), reflection, wizardry
(x1)
@: studying 5 skills
A: almost no armour, amphibious, 8 rings, camouflage 1, gelatinous body 1,
(nimble swimmer 1), tentacles, agile 1, fire resistance 1, frail 1, low MP 3,
wild magic 1
0: Orb of Zot
}: 11/15 runes: decaying, serpentine, slimy, silver, golden, iron, obsidian,
icy, bone, demonic, magical
a: Renounce Religion, Evoke Blink, Channel Magic, Forget Spell, Divine Exegesis


You escaped.
You worshipped Sif Muna.
Sif Muna was exalted by your worship.
You visited 18 branches of the dungeon, and saw 87 of its levels.
You visited Pandemonium 1 time, and saw 7 of its levels.
You visited 2 ziggurats, and saw 49 of their levels (deepest: 25).
You also visited: Sewer, Bailey, Gauntlet, Volcano, Wizlab and Desolation.

You collected 19532 gold pieces.
You spent 3185 gold pieces at shops.

Inventory:

Armour
 b - the +2 hat of a treasure trove {rN++}
   (You found it on level 23 of a ziggurat)

   rN:        It greatly protects you from negative energy.
 g - the +8 tower shield "Ecsichua" (worn) {+Blink rC- Str+4 Int+3}
   (You took it off a daeva in Pandemonium)

   Str:       It affects your strength (+4).
   Int:       It affects your intelligence (+3).
   rC:        It makes you vulnerable to cold.
   +Blink:    It lets you blink.
 p - the +5 Storm Queen's Shield {shock, Fly rElec}
   (You acquired it on level 2 of the Tomb of the Ancients)

   Shock:     When it blocks an attack, it may electrocute the attacker.
   This works even against foes who are a short distance away.
   rElec:     It insulates you from electricity.
   Fly:       It grants you flight.
 z - the +6 tower shield "Otruis" {rF+ Str+3 Int+2 Dex-2}
   (You found it on level 8 of a ziggurat)

   Str:       It affects your strength (+3).
   Int:       It affects your intelligence (+2).
   Dex:       It affects your dexterity (-2).
   rF:        It protects you from fire.
 S - the orb of Dispater {+Damnation *Corrode AC+5}
   (You took it off Dispater on level 7 of the Iron City of Dis)

   +Damnation: It grants the ability to hurl damnation at the cost of health and
   magic, with strength depending on Evocations skill.
   AC:        It affects your AC (+5).
   *Corrode:  It may corrode you when you take damage.
 Y - the +1 hat of the Meadowlark (worn) {Dex+5}
   (You acquired it on level 11 of a ziggurat)

   Dex:       It affects your dexterity (+5).
Magical Staves
 a - the staff of Misery {rPois rC++ Int+2 Stlth- Poison}
   (You found it on level 5 of the Vaults)

   [staff of poison]

   Base accuracy: +5 Base damage: 5 Base attack delay: 1.2 This weapon's minimum
   attack delay (0.6) is reached at skill level 12.
   Int:       It affects your intelligence (+2).
   rC:        It greatly protects you from cold.
   rPois:     It protects you from poison.
   Poison:    It increases the power of your Poison spells.
   Stlth:     It makes you less stealthy.
   It falls into the 'Staves' category.
   It is a one-tentacled weapon.
 c - the staff of Yesterday (weapon) {Fragile rPois rN+ MP+9 Conj}
   (You found it on level 7 of the Iron City of Dis)

   [staff of conjuration]

   Base accuracy: +5 Base damage: 5 Base attack delay: 1.2 This weapon's minimum
   attack delay (0.6) is reached at skill level 12.
   rPois:     It protects you from poison.
   rN:        It protects you from negative energy.
   MP:        It affects your magic capacity (+9).
   Fragile:   It will be destroyed if unequipped.
   Conj:      It increases the power of your Conjurations spells.
   It falls into the 'Staves' category.
   It is a one-tentacled weapon.
 e - the staff "Vutsut" {rElec rCorr Int+5 Stlth+ Earth}
   (You found it on level 19 of a ziggurat)

   [staff of earth]

   Base accuracy: +5 Base damage: 5 Base attack delay: 1.2 This weapon's minimum
   attack delay (0.6) is reached at skill level 12.
   Int:       It affects your intelligence (+5).
   rElec:     It insulates you from electricity.
   rCorr:     It protects you from acid and corrosion.
   Earth:     It increases the power of your Earth spells.
   Stlth:     It makes you more stealthy.
   It falls into the 'Staves' category.
   It is a one-tentacled weapon.
 f - the staff "Vyohov" {rPois rC+ Stlth+ Tloc Ice}
   (You found it on level 14 of a ziggurat)

   [staff of cold]

   Base accuracy: +5 Base damage: 5 Base attack delay: 1.2 This weapon's minimum
   attack delay (0.6) is reached at skill level 12.
   rC:        It protects you from cold.
   rPois:     It protects you from poison.
   Tloc:      It increases the power of your Translocations spells.
   Ice:       It increases the power of your Ice spells.
   Stlth:     It makes you more stealthy.
   It falls into the 'Staves' category.
   It is a one-tentacled weapon.
 j - the staff "Mopelat" {rElec Int+5 Air}
   (You found it on level 14 of a ziggurat)

   [staff of air]

   Base accuracy: +5 Base damage: 5 Base attack delay: 1.2 This weapon's minimum
   attack delay (0.6) is reached at skill level 12.
   Int:       It affects your intelligence (+5).
   rElec:     It insulates you from electricity.
   Air:       It increases the power of your Air spells.
   It falls into the 'Staves' category.
   It is a one-tentacled weapon.
 s - the staff "Lucri" {rF+ Str+3 Dex+3 Fire}
   (You found it on level 20 of a ziggurat)

   [staff of fire]

   Base accuracy: +5 Base damage: 5 Base attack delay: 1.2 This weapon's minimum
   attack delay (0.6) is reached at skill level 12.
   Str:       It affects your strength (+3).
   Dex:       It affects your dexterity (+3).
   rF:        It protects you from fire.
   Fire:      It increases the power of your Fire spells.
   It falls into the 'Staves' category.
   It is a one-tentacled weapon.
 B - the staff of Currency {rC+ rN+ Str+4 Int+5 Necro}
   (You found it on level 23 of a ziggurat)

   [staff of death]

   Base accuracy: +5 Base damage: 5 Base attack delay: 1.2 This weapon's minimum
   attack delay (0.6) is reached at skill level 12.
   Str:       It affects your strength (+4).
   Int:       It affects your intelligence (+5).
   rC:        It protects you from cold.
   rN:        It protects you from negative energy.
   Necro:     It increases the power of your Necromancy spells.
   It falls into the 'Staves' category.
   It is a one-tentacled weapon.
Jewellery
 d - the ring "Hoec" {Contam rPois rCorr Stlth+}
   (You found it on level 4 of the Realm of Zot)

   [ring of resist corrosion]

   rPois:     It protects you from poison.
   Contam:    It causes magical contamination when unequipped.
   rCorr:     It protects you from acid and corrosion.
   Stlth:     It makes you more stealthy.
 i - a ring of fire (on tentacle)
 l - a ring of fire
 m - the amulet "Jonnow" (around mantle) {Reflect Harm rF+++ rC- Will+++ SH+5}
   (You found it on level 9 of a ziggurat)

   [amulet of reflection]

   It reflects blocked missile attacks.
   rF:        It renders you almost immune to fire.
   rC:        It makes you vulnerable to cold.
   SH:        It affects your SH (+5).
   Harm:      It increases damage dealt and taken.
   Will:      It greatly increases your willpower.
 n - the ring of Soonus (on tentacle) {Wiz rC+ rN+ Dex+3}
   (You found it on level 14 of a ziggurat)

   [ring of wizardry]

   It improves your spell success rate.
   Dex:       It affects your dexterity (+3).
   rC:        It protects you from cold.
   rN:        It protects you from negative energy.
 q - the ring of Haoch {Fly rF++ Int-4 Dex+6}
   (You found it on level 6 of a ziggurat)

   [ring of dexterity]

   Int:       It affects your intelligence (-4).
   Dex:       It affects your dexterity (+6).
   rF:        It greatly protects you from fire.
   Fly:       It grants you flight.
 u - the ring of the King (on tentacle) {*Corrode Str+4 Int+6 Dex+5}
   (You acquired it on level 2 of the Swamp)

   [ring of intelligence]

   Str:       It affects your strength (+4).
   Int:       It affects your intelligence (+6).
   Dex:       It affects your dexterity (+5).
   *Corrode:  It may corrode you when you take damage.
 v - the ring "Kucus" {Fly rElec rC+ Will+}
   (You found it on level 21 of a ziggurat)

   [ring of protection from cold]

   rC:        It protects you from cold.
   rElec:     It insulates you from electricity.
   Fly:       It grants you flight.
   Will:      It increases your willpower.
 C - the amulet "Nadwiegg" {RegenMP rPois rF++ rC- Will+++}
   (You found it on level 21 of a ziggurat)

   [amulet of magic regeneration]

   It increases your rate of magic regeneration.
   rF:        It greatly protects you from fire.
   rC:        It makes you vulnerable to cold.
   rPois:     It protects you from poison.
   Will:      It greatly increases your willpower.
 F - the ring of Wishful Thinking (right tentacle) {Ice *Corrode rPois Will+++ Slay+4 SInv}
   (You found it on level 11 of a ziggurat)

   [ring of ice]

   It enhances your ice magic.
   Slay:      It affects your accuracy & damage with ranged weapons and melee
   (+4).
   rF:        It makes you vulnerable to fire.
   rC:        It protects you from cold.
   rPois:     It protects you from poison.
   SInv:      It lets you see invisible.
   *Corrode:  It may corrode you when you take damage.
   Will:      It greatly increases your willpower.
 H - the amulet "Biyd" {Acrobat Str+4 Dex+3}
   (You found it on level 25 of a ziggurat)

   [amulet of the acrobat]

   It increases your evasion while moving and waiting.
   Str:       It affects your strength (+4).
   Dex:       It affects your dexterity (+3).
 I - the brooch of Shielding {Spirit SH+8}
   (You found it on level 23 of a ziggurat)

   [amulet of guardian spirit]

   It causes incoming damage to be divided between your reserves of health and
   magic.
   SH:        It affects your SH (+8).
 K - the amulet of the Locust {RegenMP rF+ rN+ Str+3 Dex+3}
   (You found it on level 3 of the Crypt)

   [amulet of magic regeneration]

   It increases your rate of magic regeneration.
   Str:       It affects your strength (+3).
   Dex:       It affects your dexterity (+3).
   rF:        It protects you from fire.
   rN:        It protects you from negative energy.
 L - the ring of the Tortoise (on tentacle) {AC+8}
   (You found it on level 20 of a ziggurat)

   [ring of protection]

   AC:        It affects your AC (+8).
 M - the ring "Tusapi" (on tentacle) {*Corrode rElec rPois AC+4 Int+5}
   (You found it on level 10 of a ziggurat)

   [ring of protection]

   AC:        It affects your AC (+4).
   Int:       It affects your intelligence (+5).
   rElec:     It insulates you from electricity.
   rPois:     It protects you from poison.
   *Corrode:  It may corrode you when you take damage.
 P - the ring "Jighureck" (on tentacle) {rF+ rC+++ rCorr Str-5 Int+7}
   (You found it on level 23 of a ziggurat)

   [ring of protection from fire]

   Str:       It affects your strength (-5).
   Int:       It affects your intelligence (+7).
   rF:        It protects you from fire.
   rC:        It renders you almost immune to cold.
   rCorr:     It protects you from acid and corrosion.
 Q - the ring of Vuzoklec {Wiz rPois Dex+3 Slay+3}
   (You found it on level 21 of a ziggurat)

   [ring of wizardry]

   It improves your spell success rate.
   Dex:       It affects your dexterity (+3).
   Slay:      It affects your accuracy & damage with ranged weapons and melee
   (+3).
   rPois:     It protects you from poison.
 T - the amulet of the Nine Underlurkers {rC+ rN+ Regen+ Str+3}
   (You found it on level 2 of the Lair of Beasts)

   [amulet of regeneration]

   Str:       It affects your strength (+3).
   rC:        It protects you from cold.
   rN:        It protects you from negative energy.
   Regen:     It increases your rate of health regeneration.
 U - the amulet "Vakodusch" {Reflect rElec Str+3 Int+3 Dex+6 SH+5}
   (You found it on level 25 of a ziggurat)

   [amulet of reflection]

   It reflects blocked missile attacks.
   Str:       It affects your strength (+3).
   Int:       It affects your intelligence (+3).
   Dex:       It affects your dexterity (+6).
   rElec:     It insulates you from electricity.
   SH:        It affects your SH (+5).
 V - the macabre finger necklace {Finger+ rN+}
   (You found it on level 10 of a ziggurat)

   [amulet of nothing]

   Finger+:   It enables you to equip an extra ring.
   rN:        It protects you from negative energy.
 X - the ring "Tairhuga" (left tentacle) {rPois rCorr Str+7}
   (You found it on level 21 of a ziggurat)

   [ring of resist corrosion]

   Str:       It affects your strength (+7).
   rPois:     It protects you from poison.
   rCorr:     It protects you from acid and corrosion.
Talismans
 N - a granite talisman
Wands
 O - a wand of acid (108)
 W - a wand of digging (51)
Scrolls
 h - 7 scrolls of summoning
 r - 3 scrolls of silence
 w - 71 scrolls of teleportation
 y - 14 scrolls of blinking
 E - 35 scrolls of fog
 R - 13 scrolls of enchant armour
Potions
 k - 14 potions of cancellation
 o - 9 potions of heal wounds
 t - 4 potions of brilliance
 x - 2 potions of haste
 A - 38 potions of mutation
 D - 3 potions of ambrosia
 G - 44 potions of curing
 J - 2 potions of magic
 Z - 9 potions of resistance


   Skills:
 * Level 21.8 Fighting
 + Level 0.6 Long Blades
 + Level 2.3(9.8) Maces & Flails
 + Level 2.0(9.7) Polearms
 * Level 14.6(14.8) Staves
 * Level 21.3 Dodging
 + Level 21.6 Stealth
 + Level 25.2 Shields
 O Level 27 Spellcasting
 O Level 27 Conjurations
 + Level 6.6 Hexes
 - Level 17.5 Summonings
 + Level 6.9 Necromancy
 + Level 11.5 Translocations
 O Level 27 Fire Magic
 + Level 26.7 Ice Magic
 * Level 17.3 Air Magic
 O Level 27 Earth Magic
 - Level 3.0 Poison Magic
 - Level 15.3 Invocations
 + Level 1.1 Evocations
 + Level 11.4 Shapeshifting


You had 4 spell levels left.
You knew the following spells:

 Your Spells              Type           Power      Damage    Failure   Level
b - Dispersal             Tloc           62%        N/A       1%          6
c - Polar Vortex          Ice            94%        12d12*    1%          9
d - Metabolic Englaciati  Hex/Ice        82%        N/A       1%          5
e - Dragon's Call         Summ           71%        N/A       9%          9
f - Lehudib's Crystal Sp  Conj/Erth      94%        10d21     1%          8
g - Fire Storm            Conj/Fire      100%       8d25      1%          9
h - Ignition              Fire           94%        3d24      1%          8
i - Orb of Destruction    Conj           94%        9d20      1%          7
j - Shatter               Erth           81%        3d59*     1%          9
m - Blink                 Tloc           100%       N/A       1%          2
r - Iskenderun's Mystic   Conj/Tloc      100%       2d19      1%          4

Your spell library contained the following spells:

 Spells                   Type           Power      Damage    Failure   Level
 Apportation              Tloc           100%       N/A       1%          1
 Foxfire                  Conj/Fire      100%       2x1d9     1%          1
 Freeze                   Ice            100%       1d10      1%          1
 Kiss of Death            Conj/Necr      100%       2d13      1%          1
 Magic Dart               Conj           100%       1d8       1%          1
 Necrotise                Necr           100%       1d9       1%          1
 Sandblast                Erth           100%       2d20      1%          1
 Shock                    Conj/Air       100%       1d9       1%          1
 Slow                     Hex            100%       N/A       1%          1
 Sting                    Tmut/Pois      100%       1d8       1%          1
 Summon Small Mammal      Summ           100%       N/A       1%          1
 Call Imp                 Summ           100%       N/A       1%          2
 Cigotuvi's Dreadful Rot  Necr/Pois/Air  100%       N/A       1%          2
 Ensorcelled Hibernation  Hex/Ice        100%       N/A       1%          2
 Lesser Beckoning         Tloc           100%       N/A       1%          2
 Momentum Strike          Conj/Tloc      100%       3d10      1%          2
 Passwall                 Tmut/Erth      100%       N/A       1%          2
 Poisonous Vapours        Pois/Air       100%       N/A       1%          2
 Scorch                   Fire           100%       2d9       1%          2
 Searing Ray              Conj           100%       2d8       1%          2
 Static Discharge         Conj/Air       100%       2-7/arc   1%          2
 Sublimation of Blood     Necr           100%       N/A       1%          2
 Wereblood                Tmut           72%        N/A       1%          2
 Call Canine Familiar     Summ           100%       N/A       1%          3
 Confusing Touch          Hex            100%       N/A       1%          3
 Dazzling Flash           Conj/Hex       100%       N/A       1%          3
 Frozen Ramparts          Ice            100%       1d16      1%          3
 Gell's Gravitas          Tloc           100%       N/A       1%          3
 Hailstorm                Conj/Ice       100%       3d20      1%          3
 Ignite Poison            Fire/Tmut/Pois 100%       N/A       1%          3
 Inner Flame              Hex/Fire       100%       N/A       1%          3
 Mephitic Cloud           Conj/Pois/Air  100%       N/A       1%          3
 Ozocubu's Armour         Ice            100%       N/A       1%          3
 Portal Projectile        Hex/Tloc       100%       N/A       1%          3
 Stone Arrow              Conj/Erth      100%       3d13      1%          3
 Summon Guardian Golem    Hex/Summ       100%       N/A       1%          3
 Swiftness                Air            100%       N/A       1%          3
 Teleport Other           Tloc           100%       N/A       1%          3
 Tukima's Dance           Hex            100%       N/A       1%          3
 Vampiric Draining        Necr           100%       2d13      1%          3
 Vhi's Electric Charge    Tloc/Air       100%       N/A       1%          3
 Volatile Blastmotes      Fire/Tloc      100%       2d18      1%          3
 Airstrike                Air            70%        2d(11-27) 1%          4
 Anguish                  Hex/Necr       53%        N/A       1%          4
 Animate Dead             Necr           100%       N/A       1%          4
 Cause Fear               Hex            53%        N/A       1%          4
 Dispel Undead            Necr           100%       3d31      1%          4
 Flame Wave               Conj/Fire      100%       2d21      1%          4
 Fulminant Prism          Conj/Hex       83%        3d33      1%          4
 Leda's Liquefaction      Hex/Erth       70%        N/A       1%          4
 Manifold Assault         Tloc           100%       N/A       1%          4
 Olgreb's Toxic Radiance  Pois           90%        N/A       1%          4
 Passage of Golubria      Tloc           100%       N/A       1%          4
 Petrify                  Tmut/Erth      100%       N/A       1%          4
 Sticky Flame             Conj/Fire      100%       2d11      1%          4
 Summon Ice Beast         Ice/Summ       100%       N/A       1%          4
 Summon Lightning Spire   Summ/Air       100%       N/A       1%          4
 Agony                    Necr           100%       N/A       1%          5
 Alistair's Intoxication  Tmut/Pois      54%        N/A       1%          5
 Arcjolt                  Conj/Air       89%        1d99      1%          5
 Borgnjor's Vile Clutch   Necr/Erth      70%        N/A       1%          5
 Fireball                 Conj/Fire      100%       3d36      1%          5
 Freezing Cloud           Conj/Ice/Air   100%       6-21      1%          5
 Irradiate                Conj/Tmut      78%        3d37      1%          5
 Iskenderun's Battlesphe  Conj           100%       2d15      1%          5
 Lee's Rapid Deconstruct  Erth           81%        3d36*     1%          5
 Silence                  Hex/Air        63%        N/A       1%          5
 Summon Forest            Summ/Tloc      67%        N/A       1%          5
 Summon Mana Viper        Hex/Summ       100%       N/A       1%          5
 Yara's Violent Unravell  Hex/Tmut       45%        3d18      1%          5
 Conjure Ball Lightning   Conj/Air       89%        3x3d33    1%          6
 Death Channel            Necr           54%        N/A       1%          6
 Leda's Unmaking          Conj/Erth      94%        9d15      1%          6
 Plasma Beam              Fire/Air       89%        2x1d108   1%          6
 Simulacrum               Ice/Necr       83%        N/A       1%          6
 Starburst                Conj/Fire      100%       6d25      1%          6
 Summon Cactus Giant      Summ           71%        N/A       1%          6
 Haunt                    Necr/Summ      63%        N/A       1%          7
 Malign Gateway           Summ/Tloc      67%        N/A       1%          7
 Monstrous Menagerie      Summ           71%        N/A       1%          7
 Ozocubu's Refrigeration  Ice            94%        4d28      1%          7
 Spellforged Servitor     Conj/Summ      89%        N/A       1%          7
 Summon Hydra             Summ           71%        N/A       1%          7
 Maxwell's Capacitive Co  Air            70%        ∞         1%          8
 Summon Horrible Things   Summ           71%        N/A       1%          8
 Chain Lightning          Conj/Air       89%        3d119     1%          9
 Enfeeble                 Hex            53%        N/A       6%          7
 Disjunction              Tloc           62%        N/A       6%          8
 Eringya's Noxious Bog    Tmut/Pois      40%        4d6       9%          6
 Borgnjor's Revivificati  Necr           54%        N/A       34%         8
 Infestation              Necr           54%        N/A       34%         8
 Discord                  Hex            53%        N/A       38%         8
 Death's Door             Necr           54%        N/A       99%         9
 Animate Armour           Summ/Erth      Unusable   N/A       N/A         4

Dungeon Overview and Level Annotations

Branches:
Dungeon (15/15)            Temple (1/1) D:4            Lair (5/5) D:9
  Swamp (4/4) Lair:2        Snake (4/4) Lair:2        Slime (5/5) Lair:4
    Orc (2/2) D:11            Elf (3/3) Orc:2        Vaults (5/5) D:13
  Crypt (3/3) Vaults:2       Tomb (3/3) Crypt:3      Depths (4/4) D:15
   Hell (visited)             Dis (7/7) Hell            Geh (7/7) Hell
    Coc (7/7) Hell            Tar (7/7) Hell            Zot (5/5) Depths:4
  Sewer (visited)          Bailey (visited)         Volcano (visited)
 WizLab (visited)         Desolation (visited)      Gauntlet (visited)

Altars:
Ashenzari
Cheibriados
Dithmenos
Elyvilon
Fedhas
Gozag
Hepliaklqana
Kikubaaqudgha
Makhleb
Nemelex Xobeh
Okawaru
Qazlal
Ru
Sif Muna
Trog
Uskayaw
Vehumet
Wu Jian
Xom
Yredelemnul
Zin
The Shining One

Shops:
D:12 [   D:13 *   Orc:2 [(=   Elf:3 *   Snake:2 !   Snake:4 :   Depths:3 !:([(?

Portals:
Hell: Depths:1 Depths:2 Depths:3 Depths:4
Abyss: Depths:3
Pandemonium: Depths:2

Annotations:
Zot:4 2 transporters


Innate Abilities, Weirdness & Mutations

You cannot wear most types of armour.
You are amphibious.
You can wear up to eight rings at the same time.
Your skin changes colour to match your surroundings (Stealth+).
Your rubbery body absorbs attacks. (AC +1, EV +1)
((You are camouflaged when in or above water. (Stealth+)))
You have tentacles for arms and can constrict up to eight enemies at once.
You are agile. (Dex +4, Str/Int -1)
Your flesh is heat resistant. (rF+)
You are frail. (-10% HP)
Your magical capacity is extremely low. (-30% MP)
Your spells are a little harder to cast, but a little more powerful.


Message History

You climb upwards.
There is a stone staircase leading down here.
There is an open door here.
Casting: Lehudib's Crystal Spear (mildly dangerous; 1% risk of failure)
Confirm with . or Enter, or press ? or * to list all spells.
The dungeon rumbles!
A door shatters! x2
Ka-crash!
A toenail golem comes into view.
Casting: Shatter (dangerous; 1% risk of failure)
Confirm with . or Enter, or press ? or * to list all spells.
Aiming: Lehudib's Crystal Spear (mildly dangerous; 1% risk of failure)
Press: ? - help, Shift-Dir - straight line, f - toenail golem
Aim: a toenail golem (95% to hit)
You feel a surge of power!
The crystal spear hits the toenail golem!!!!
You destroy the toenail golem!
Sif Muna accepts your kill.
There is a staircase leading out of the dungeon here.
You start resting.
A Brimstone Fiend comes into view.
Casting: Lehudib's Crystal Spear (mildly dangerous; 1% risk of failure)
Confirm with . or Enter, or press ? or * to list all spells.
Aiming: Lehudib's Crystal Spear (mildly dangerous; 1% risk of failure)
Press: ? - help, Shift-Dir - straight line, f - Brimstone Fiend
Aim: a Brimstone Fiend (94% to hit)
You feel a surge of power!
The crystal spear hits the Brimstone Fiend!!!!
You kill the Brimstone Fiend!
Sif Muna accepts your kill.
Unknown command.
Unknown command.
You start resting.
Magic restored.
You can't go down here!
You swing at nothing.
You swing at nothing.
Unknown command.
Okay, then.
You have escaped!

#.# #.# ..# #.# ### #.# #######
#.# ### ##.#....# #..
#..######....##.## ### .
#.#......####...####
..##.....###.........####
........#.......@.......#
#......####.........####
#..........###...####
........#..#.###.################
........#.#### #.................
.#......#.########.####...#######
..................[...'...>#
#####.#.#.########.#.##....# ##
#.#.#.# #.#.#####.#


There were no monsters in sight!

Vanquished Creatures
  Antaeus (Coc:7)
  the Royal Jelly (Slime:5)
  Asmodeus (Geh:7)
  Ereshkigal (Tar:7)
  A seraph (Pan)
  the Serpent of Hell (Coc:7)
  Lom Lobon (Pan)
  9 dread liches
  Dispater (Dis:7)
  The ghost of RichitheSlayer the Axe Maniac, a legendary HOFi of Okawaru (Zot:5)
  Mennas (Vaults:5)
  9 orbs of fire
  16 ancient liches
  22 juggernauts
  47 royal mummies
  Vv (Depths:2)
  9 Killer Klowns
  Margery (Depths:3)
  17 shard shrikes
  Bai Suzhen (Vaults:2)
  the Lernaean hydra (Swamp:4)
  A curse toe (Zot:3)
  The ghost of vbjdbsb the Slayer, a veteran MiFi of Okawaru (Vaults:4)
  Geryon (Hell)
  Saint Roka (Depths:3)
  21 caustic shrikes
  13 profane servitors
  15 golden dragons
  3 pearl dragons
  31 bone dragons
  36 Brimstone Fiends
  Jory (Vaults:2)
  9 doom hounds
  32 Tzitzimimeh
  23 hellephants
  18 iron giants
  20 tentacled monstrosities
  3 electric golems
  26 Orb Guardians
  30 Ice Fiends
  18 pandemonium lords
  21 tainted leviathans
  41 Hell Sentinels
  The ghost of disskorpion the Peltast, an adept MfMo of Kikubaaqudgha (Elf:3)
  A shard shrike skeleton (Tomb:3)
  19 titans
  15 liches
  A quicksilver dragon (shapeshifter) (Zig:19)
  9 deep elf master archers
  5 quicksilver dragons
  4 deep elf blademasters
  A walking earthen tome (Depths:2)
  40 searing wretches
  42 ancient champions
  33 acid blobs
  Murray (Hell)
  8 death cobs
  4 tentacled starspawn (Zig:24)
  15 tengu reavers
  15 shadow dragons
  26 storm dragons
  11 sphinxes
  15 Executioners
  The ghost of Lihit the Maledictor, an adept VSEn of Zin (Elf:1)
  A storm dragon (shapeshifter) (Elf:3)
  Kirke (Snake:1)
  Aizul (Snake:1)
  11 revenants
  An azure jelly (shapeshifter) (Zig:19)
  20 draconian knights
  31 narguns
  12 draconian monks
  5 iron dragons
  25 daevas
  21 azure jellies
  16 rockslimes
  12 demonspawn warmongers
  17 vault wardens
  7 emperor scorpions
  15 nagarajas
  65 balrugs
  23 fire giants
  16 deep elf sorcerers
  A fire giant (shapeshifter) (Zig:19)
  12 quicksilver elementals
  2 spectral caustic shrikes
  6 deep elf elementalists
  23 frost giants
  7 shard shrike simulacra
  A spectral juggernaut (Tar:2)
  9 ghouls
  6 curse skulls
  A caustic shrike zombie (WizLab)
  16 draconian scorchers
  A juggernaut zombie (WizLab)
  12 cacodemons
  12 demonspawn corrupters
  13 draconian shifters
  11 ghost moths
  4 spriggan defenders
  16 draconian stormcallers
  21 very ugly things
  14 demonspawn blood saints
  18 quicksilver oozes
  27 orc warlords
  2 caustic shrike skeletons
  22 reapers
  43 angels
  26 stone giants
  25 ironbound preservers
  10 formless jellyfish
  2 juggernaut skeletons
  2 ironbound thunderhulks
  A formless jellyfish (shapeshifter) (Zig:19)
  21 draconian annihilators
  The ghost of Qipneorch the Devastator, a journeyman DsCj of Gozag (D:14)
  33 war gargoyles
  19 ophanim
  14 vampire knights
  29 elemental wellsprings
  10 deep elf demonologists
  Nessos (D:12)
  38 apis
  20 purple draconians
  6 lorocyprocas
  A halazid warlock (Desolation)
  16 green draconians
  10 demonspawn black suns
  2 dire elephants (shapeshifter) (Zig:19)
  22 putrid mouths
  20 red draconians
  17 black draconians
  29 wendigos
  5 eleionomae
  A minotaur (Gauntlet)
  14 dire elephants
  10 bennus
  7 spark wasps
  14 white draconians
  A spark wasp (shapeshifter) (Vaults:5)
  12 iron golems
  15 deep elf annihilators
  4 bunyips
  13 yellow draconians
  25 blizzard demons
  15 ettins
  The ghost of Ihe Jez the Severer, a journeyman HOMo of the Shining One (Orc:1)
  41 mummy priests
  A merfolk impaler (Zig:18)
  A spectral quicksilver dragon (Tar:3)
  A crystal guardian (Zig:24)
  10 deep elf death magi
  17 eidola
  20 green deaths
  5 fire dragons
  A quicksilver dragon zombie (Zig:15)
  11 merfolk javelineers
  13 jiangshi
  4 entropy weavers
  A shambling mangrove (Zig:6)
  6 deep elf high priests
  14 yaktaur captains
  A ragged hierophant (Desolation)
  A spectral golden dragon (Zig:22)
  A spectral spriggan (Tar:4)
  30 hydras
  17 great orbs of eyes
  8 salamander tyrants
  11 caustic shrike simulacra
  Harold (Orc:1)
  A fenstrider witch zombie (Tomb:2)
  4 servants of whispers (Desolation)
  7 juggernaut simulacra
  8 ogre magi
  A spectral shadow dragon (Zig:22)
  7 rakshasas
  2 spriggan air magi
  9 ice dragons
  3 spriggan skeletons
  A fenstrider witch skeleton (Crypt:3)
  8 hell beasts
  2 death knights (Crypt:1)
  7 centaur warriors
  A ghost crab (Lair:2)
  28 stokers
  40 vault guards
  An ice dragon (shapeshifter) (Zig:19)
  5 anacondas
  2 catoblepae
  8 merfolk aquamancers
  Erica (D:11)
  2 deep troll shamans (Depths:1)
  16 two-headed ogres
  An alligator snapping turtle (Zig:14)
  6 boulder beetles
  5 ironbound frosthearts
  51 death scarabs
  14 alligators
  A satyr (Zig:18)
  15 vampire magi
  The ghost of Beaer the Grappler, a novice DrSh of Elyvilon (D:8)
  A death yak (Lair:2)
  14 demonic crawlers
  16 naga sharpshooters
  22 naga warriors
  5 deep troll earth magi
  49 dancing weapons
  68 hell hogs
  5 tengu warriors
  5 thrashing horrors (Zig:24)
  3 spectral dire elephants
  3 titan zombies
  A spriggan berserker (Depths:2)
  64 sun demons
  Nergalle (D:12)
  21 deep elf knights
  34 orc high priests
  17 hell knights
  7 shock serpents
  6 wretched stars (Zig:24)
  28 soul eaters
  4 skysharks
  A spectral bunyip (Tar:2)
  18 iron trolls
  7 sea snakes
  A titan skeleton (Zig:12)
  Amaemon (D:8)
  A spectral anaconda (Tar:3)
  8 crystal echidnas
  18 shadow wraiths
  6 salamander mystics
  5 quicksilver dragon simulacra
  26 cherubim
  Lodul (D:11)
  3 golden dragon zombies
  4 spriggan druids
  8 goliath frogs
  A goliath frog (shapeshifter) (Depths:2)
  24 skeletal warriors
  2 spatial maelstroms (Zig:24)
  2 spark wasp zombies (Depths:1)
  12 obsidian statues
  24 sixfirhies
  51 deep trolls
  A pharaoh ant (Zig:8)
  12 shadow demons
  11 naga ritualists
  An orb spider (Zig:14)
  A bunyip zombie (Crypt:3)
  2 anaconda skeletons
  15 deep elf archers
  6 glowing orange brains
  8 bog bodies
  13 swamp dragons
  15 flayed ghosts
  2 spectral iron dragons (Zig:22)
  7 spriggan simulacra
  19 wizards
  14 lindwurms
  A lindwurm (shapeshifter) (Zig:19)
  2 tengu zombies
  A shadow dragon zombie (WizLab)
  A swamp dragon (shapeshifter) (Zig:19)
  13 ironbound convokers
  23 orc knights
  9 harpies (Zig:18)
  32 deep elf pyromancers
  22 necromancers
  A golden dragon skeleton (Zig:12)
  4 orange crystal statues
  8 mana vipers
  19 starcursed masses (Zig:24)
  A wolf spider (shapeshifter) (Zig:19)
  A fire giant zombie (WizLab)
  2 wolf spiders
  6 will-o-the-wisps
  14 phantasmal warriors
  A sphinx zombie (Zig:12)
  38 deep elf zephyrmancers
  An oklob plant (Snake:2)
  2 stone giant zombies
  A mana viper (shapeshifter) (Vaults:5)
  8 cyclopes
  11 shining eyes
  A goliath frog skeleton (Crypt:2)
  A shadow dragon skeleton (Zig:18)
  4 fauns (Zig:18)
  23 orc sorcerers
  A moth of wrath (shapeshifter) (Zig:19)
  48 ugly things
  45 moths of wrath
  A manticore (shapeshifter) (D:9)
  2 sphinx skeletons (Zig:15)
  An iron dragon zombie (WizLab)
  A toenail golem (D:1)
  11 manticores
  Maurice (D:12)
  13 rust devils
  2 dire elephant zombies
  11 salamanders
  12 fire giant skeletons (Crypt:3)
  13 guardian serpents
  19 vault sentinels
  2 centaur zombies
  2 elephants (shapeshifter)
  A naga zombie (Crypt:3)
  48 black mambas
  3 ice statues
  11 elephants
  6 water nymphs
  2 human skeletons
  6 titan simulacra
  16 cane toads
  25 naga magi
  6 merfolk sirens (Zig:18)
  4 human zombies
  2 molten gargoyles (D:11)
  6 eyes of devastation
  46 smoke demons
  A centaur skeleton (Crypt:2)
  6 apocalypse crabs
  A dire elephant skeleton (Crypt:3)
  11 orange demons
  5 gargoyles
  18 unseen horrors
  A torpor snail (Swamp:3)
  A yaktaur zombie (WizLab)
  An unseen horror (shapeshifter) (Zig:16)
  3 rime drakes
  48 hellions
  7 freezing wraiths
  An alligator snapping turtle zombie (Hell)
  An efreet (D:13)
  A komodo dragon (shapeshifter) (Zig:16)
  A tengu conjurer (D:9)
  3 bunyip simulacra (Coc:1)
  3 spectral nagas
  2 kobold demonologists (Crypt:2)
  A spectral glowing shapeshifter (Zig:22)
  A golden dragon simulacrum (Coc:5)
  53 tormentors
  59 guardian mummies
  4 ice devils
  16 komodo dragons
  A white draconian skeleton (Crypt:1)
  39 hellwings
  6 red devils
  37 yaktaurs
  2 iron giant simulacra
  2 silent spectres
  2 spectral harpies
  12 ancient zymes (Zig:24)
  5 anaconda simulacra
  21 trolls
  11 polar bears
  8 merfolk
  10 tyrant leeches
  8 hornets
  3 harpy zombies
  2 tarantellas (shapeshifter)
  3 meliai (D:14)
  51 large abominations
  2 wind drakes (Zig:18)
  10 saltlings
  A tyrant leech (shapeshifter) (Zig:16)
  A moth of wrath zombie (Crypt:1)
  9 blink frogs
  An iron dragon simulacrum (Coc:6)
  A raiju (shapeshifter) (Zig:13)
  5 raiju (Zig:24)
  A fire dragon zombie (Crypt:1)
  A hydra skeleton (Hell)
  2 ettin zombies
  4 harpy skeletons
  A dream sheep (Zig:13)
  An elf zombie (WizLab)
  7 spriggan zombies
  3 snapping turtles (Zig:18)
  Sigmund (D:3)
  A dream sheep (shapeshifter) (Elf:3)
  3 stone giant simulacra
  136 slime creatures
  A centaur simulacrum (Hell)
  A human simulacrum (Vaults:2)
  A jumping spider (Zig:14)
  An ice dragon skeleton (Tomb:1)
  A culicivora (shapeshifter) (Zig:16)
  3 ettin skeletons
  A merfolk zombie (Crypt:2)
  33 flying skulls
  A merfolk skeleton (Tomb:1)
  An air elemental (Elf:1)
  A jumping spider (shapeshifter) (D:14)
  7 shadows
  A culicivora (Zig:8)
  3 vampires (Crypt:3)
  A slime creature zombie (Crypt:1)
  11 wraiths
  16 spriggans
  A basilisk (shapeshifter) (D:14)
  7 dire elephant simulacra
  5 basilisks
  4 fire dragon skeletons (Crypt:3)
  A human (shapeshifter) (D:15)
  14 water elementals
  36 ushabtiu
  17 wyverns
  A fire bat (Volcano)
  4 hogs (Snake:1)
  8 neqoxecs
  60 yaks
  15 chaos spawn
  22 ynoxinuls
  23 golden eyes
  A yaktaur simulacrum (Vaults:3)
  4 fire elementals
  6 redbacks
  4 small abominations (Depths:3)
  A steam dragon (D:9)
  A redback (shapeshifter) (Zig:19)
  16 harpy simulacra
  22 vampire mosquitoes
  21 swamp worms
  A spectral cane toad (Lair:2)
  3 glowing shapeshifter zombies
  44 nagas
  2 acid dragons
  2 swamp worms (shapeshifter)
  20 wargs
  2 hydra simulacra
  A water moccasin (shapeshifter) (Zig:5)
  42 water moccasins
  2 floating eyes
  An entropy weaver zombie (Crypt:2)
  4 hell hounds
  Pargi (Sewer)
  3 black bears
  A spectral yak (Lair:2)
  7 swamp drakes
  2 floating eyes (shapeshifter) (Zig:16)
  A spectral torpor snail (Lair:2)
  125 orc warriors
  2 naga skeletons (Hell)
  4 ettin simulacra
  3 ice beasts
  2 sky beasts
  44 ogres
  3 boggarts
  11 centaurs
  A snapping turtle skeleton (Crypt:1)
  A wolf (Lair:2)
  4 kobold brigands
  A rime drake skeleton (Crypt:2)
  20 bullfrogs
  2 gnoll sergeants
  A bullfrog (shapeshifter) (Depths:4)
  2 glowing shapeshifter simulacra
  A necrophage (Swamp:4)
  2 scorpions
  6 naga simulacra
  3 earth elementals
  5 wights
  10 killer bees
  5 electric eels
  5 howler monkeys
  6 lava snakes
  3 hounds
  2 jellies
  31 orc priests
  4 gnoll boudas
  A sleepcap (D:8)
  8 iguanas
  Ijyb (D:3)
  Terence (D:3)
  29 orc wizards
  2 acid dragon zombies
  A deep dwarf skeleton (Crypt:1)
  80 mummies
  19 gnolls
  4 adders
  A river rat (D:4)
  2 shadow imps
  A white imp (D:8)
  An ufetubus (D:5)
  3 worms
  2 dart slugs
  100 orcs
  5 endoplasms
  2 giant cockroaches
  7 goblins
  4 hobgoblins
  5 jackals
  15 kobolds
  2 quokkas
  13 ball pythons
  4 bats
  5 frilled lizards
  2 quokka skeletons (Crypt:2)
  A quokka zombie (Crypt:1)
  6 rats
  A ball lightning (Pan)
  4 creeping infernos
  149 fire vortices
  3 foxfires
  2 starspawn tentacles (Zig:24)
5679 creatures vanquished.

Vanquished Creatures (collateral kills)
  A dread lich (Zig:17)
  An ancient lich (Zig:20)
  2 juggernauts
  2 profane servitors (Tar:7)
  A bone dragon (Zig:24)
  A doom hound (Tar:4)
  2 hellephants
  A tentacled monstrosity (Zot:2)
  3 tainted leviathans
  A Hell Sentinel (Dis:7)
  A deep elf master archer (Zig:13)
  A deep elf blademaster (Zig:13)
  A storm dragon (Zot:4)
  A nargun (Zig:21)
  A draconian scorcher (Zig:12)
  A spectral caustic shrike (Tar:4)
  A demonspawn corrupter (Pan)
  An ophan (Pan)
  An apis (Pan)
  A red draconian (Zot:3)
  A deep elf annihilator (Zig:20)
  An eidolon (Tar:7)
  A deep elf death mage (Zig:11)
  A mummy priest (Zig:12)
  A death scarab (Zig:12)
  4 dancing weapons (Zig:13)
  An orc high priest (Zig:22)
  A deep elf knight (Zig:13)
  A shadow wraith (Zig:17)
  2 spriggan simulacra
  2 orange crystal statues (Zig:13)
  2 deep elf archers (Zig:13)
  An obsidian statue (Zig:1)
  A deep elf zephyrmancer (Zig:13)
  3 deep elf pyromancers (Zig:13)
  An orc sorcerer (Zig:20)
  2 salamanders (Snake:4)
  2 moths of wrath (Zot:5)
  A smoke demon (Pan)
  2 spectral centaurs (Tar:2)
  2 naga magi (Zig:20)
  An efreet (D:9)
  4 hellions
  An iron giant simulacrum (Coc:4)
  A meliai (shapeshifter) (Zig:13)
  2 hornets (Gauntlet)
  A raiju (Zig:24)
  A hydra skeleton (Hell)
  A large abomination (Pan)
  2 flying skulls
  A ynoxinul (Zot:4)
  2 basilisks (Lair:4)
  A water elemental (Zig:18)
  2 fire elementals (Zig:13)
  A fire bat (Volcano)
  A neqoxec (Zig:24)
  A chaos spawn (Pan)
  4 harpy simulacra
  3 wargs
  A black bear (shapeshifter) (Zig:19)
  4 orc warriors
  An earth elemental (Zig:13)
  A naga simulacrum (Hell)
  2 orc priests
  2 starcursed masses (Zig:24)
  22 mummies
  A shadow imp (Tar:7)
  2 orcs (D:8)
  A creeping inferno (Geh:2)
  87 foxfires
212 creatures vanquished.

Vanquished Creatures (others)
  A tentacled monstrosity (Depths:2)
  2 eldritch tentacles (Dis:7)
  An elemental wellspring (Coc:6)
  A hell hog (Hell)
  2 wizards (Pan)
  A smoke demon (Hell)
  A harpy zombie (Hell)
  A hellwing (Pan)
  4 spriggans (Depths:3)
  A human (Snake:1)
  2 ball lightnings (Pan)
  6 creeping infernos
  1560 fire vortices
  2140 foxfires
  A starspawn tentacle (Zig:24)
3724 creatures vanquished.

Grand Total: 9615 creatures vanquished

Notes
Turn   | Place    | Note
-------+----------+-------------------------------------------
     0 | D:1      | Conn the Octopode Fire Elementalist began the quest for the
                  | Orb.
     0 | D:1      | Reached XP level 1. HP: 11/11 MP: 3/3
   504 | D:1      | Reached XP level 2. HP: 17/17 MP: 0/5
   959 | D:1      | Found a faded altar of an unknown god.
  1119 | D:1      | Reached XP level 3. HP: 19/21 MP: 2/6
  1828 | D:2      | Found a shimmering altar of Xom.
  2071 | D:3      | Noticed Ijyb
  2186 | D:3      | Identified the +1 robe of Delicate Awe {rC- Str+3 SInv}
  2337 | D:3      | Reached skill level 1 in Shields
  2337 | D:3      | Reached XP level 4. HP: 24/27 MP: 3/7
  2348 | D:3      | Learned a level 2 spell: Scorch
  2352 | D:3      | Learned a level 3 spell: Inner Flame
  2611 | D:3      | Noticed Terence
  2615 | D:3      | Killed Terence
  2786 | D:3      | Noticed Sigmund
  2802 | D:3      | Killed Sigmund
  2803 | D:3      | Reached XP level 5. HP: 5/31 MP: 0/9
  2803 | D:3      | Reached XP level 6. HP: 6/36 MP: 0/10
  3407 | D:4      | Reached XP level 7. HP: 41/41 MP: 0/13
  3408 | D:5      | Entered Level 5 of the Dungeon
  3431 | D:5      | Learned a level 4 spell: Flame Wave
  3811 | D:4      | Found a glowing drain.
  3820 | Sewer    | Entered a sewer
  4040 | Sewer    | Noticed Pargi
  4251 | Sewer    | Killed Pargi
  4252 | Sewer    | Reached skill level 5 in Spellcasting
  4467 | D:4      | Found a staircase to the Ecumenical Temple.
  4476 | Temple   | Entered the Ecumenical Temple
  4591 | D:4      | Reached XP level 8. HP: 40/47 MP: 10/16
  5592 | D:5      | Reached skill level 1 in Polearms
  5793 | D:5      | Reached skill level 5 in Fire Magic
  5802 | D:5      | Learned a level 3 spell: Mephitic Cloud
  5805 | D:5      | Learned a level 2 spell: Call Imp
  5895 | D:5      | Reached skill level 1 in Air Magic
  6017 | D:5      | Found an ancient bone altar of Kikubaaqudgha.
  6017 | D:5      | Found an ornate altar of the Wu Jian Council.
  6158 | D:5      | Reached skill level 1 in Poison Magic
  6503 | D:6      | Reached XP level 9. HP: 46/52 MP: 1/18
  6509 | D:6      | Reached skill level 1 in Summonings
  7018 | D:6      | Found a transporter.
  7749 | D:6      | Found a transporter.
  7916 | D:6      | Identified the +11 mace "Juwezoqi" {venom, rF- rC+ Dex+3}
  8260 | D:7      | Learned a level 1 spell: Magic Dart
  8738 | D:7      | Found a flagged portal.
  8748 | Bailey   | Entered a bailey
  8839 | Bailey   | Learned a level 3 spell: Volatile Blastmotes
  9223 | Bailey   | Noticed an orc knight
  9227 | Bailey   | Noticed an orc knight
  9235 | Bailey   | Killed an orc knight
  9236 | Bailey   | Reached skill level 1 in Hexes
  9236 | Bailey   | Reached XP level 10. HP: 57/57 MP: 3/22
  9240 | Bailey   | Killed an orc knight
  9241 | Bailey   | Reached skill level 5 in Shields
  9665 | D:7      | Found a sacrificial altar of Ru.
 10539 | D:8      | Reached skill level 5 in Conjurations
 10812 | D:8      | Found a hazy altar of Hepliaklqana.
 10843 | D:8      | Noticed Amaemon
 10844 | D:8      | Noticed an orange demon
 10849 | D:8      | Killed an orange demon
 10851 | D:8      | Killed Amaemon
 10852 | D:8      | Reached XP level 11. HP: 62/62 MP: 10/24
 10877 | D:8      | Found a runed translucent gate.
 10878 | D:8      | Found a runed translucent gate.
 10878 | D:8      | Noticed Beaer's ghost (novice DrSh)
 10879 | D:8      | Found a runed translucent gate.
 11020 | D:8      | Killed Beaer's ghost
 12016 | D:9      | Noticed a two-headed ogre
 12097 | D:9      | Killed a two-headed ogre
 12673 | D:9      | Gained mutation: Your flesh is heat resistant. (rF+)
                  | [potion of mutation]
 12700 | D:9      | Noticed a centaur warrior
 12700 | D:9      | Noticed a cyclops
 12700 | D:9      | Noticed a manticore
 12700 | D:9      | Noticed a brown ugly thing
 12700 | D:9      | Noticed a wizard
 12709 | D:9      | Killed a wizard
 12712 | D:9      | Killed a centaur warrior
 12909 | D:8      | Reached XP level 12. HP: 67/67 MP: 25/25
 12910 | D:8      | Reached XP level 13. HP: 72/72 MP: 25/28
 13810 | D:9      | Reached skill level 5 in Summonings
 14157 | D:9      | Reached XP level 14. HP: 77/77 MP: 11/29
 14744 | D:9      | Found a staircase to the Lair.
 15045 | D:9      | Reached skill level 10 in Fire Magic
 15535 | D:10     | Entered Level 10 of the Dungeon
 15653 | D:10     | Found a shimmering blue altar of Sif Muna.
 15665 | D:10     | Became a worshipper of Sif Muna the Loreminder
 15991 | D:10     | Learned a level 4 spell: Summon Lightning Spire
 16267 | D:11     | Noticed Lodul
 16277 | D:11     | Killed Lodul
 16423 | D:11     | Found a staircase to the Orcish Mines.
 17087 | D:11     | Reached * piety under Sif Muna
 17271 | D:11     | Noticed Erica
 17282 | D:11     | Killed Erica
 17283 | D:11     | Reached skill level 1 in Fighting
 18270 | Lair:1   | Entered Level 1 of the Lair of Beasts
 18620 | Lair:1   | Reached ** piety under Sif Muna
 19247 | Lair:1   | Identified the +6 scale mail of Emealidaxzo {Rampage rC+
                  | Int+3}
 19260 | Lair:1   | Got the Folio of Striking and Pyromancy
 19267 | Lair:1   | Learned a level 5 spell: Fireball
 19273 | Lair:1   | Learned a level 5 spell: Iskenderun's Battlesphere
 19442 | Lair:1   | Learned a level 4 spell: Iskenderun's Mystic Blast
 19465 | Lair:1   | Identified the ring of Memamutz {Ice Dex+3}
 20006 | Lair:2   | Reached skill level 10 in Conjurations
 20309 | Lair:2   | Reached skill level 1 in Invocations
 20459 | Lair:2   | Found a staircase to the Snake Pit.
 20960 | Lair:2   | Found a staircase to the Swamp.
 21022 | Lair:2   | Reached XP level 15. HP: 83/83 MP: 11/32
 21024 | Lair:2   | Reached *** piety under Sif Muna
 21467 | Lair:2   | Identified the amulet of the Nine Underlurkers {rC+ rN+
                  | Regen+ Str+3}
 21639 | Lair:2   | Reached **** piety under Sif Muna
 23186 | Lair:4   | Found a staircase to the Slime Pits.
 23340 | Lair:4   | Found a gate leading to a gauntlet.
 23349 | Gauntlet | Entered a Gauntlet
 23349 | Gauntlet | Found a transporter.
 23360 | Gauntlet | Found a transporter.
 23362 | Gauntlet | Found a transporter.
 23369 | Gauntlet | Found a transporter.
 23384 | Gauntlet | Found a transporter.
 23389 | Gauntlet | Found a transporter.
 23409 | Gauntlet | Found a transporter.
 23423 | Gauntlet | Found a transporter.
 23438 | Gauntlet | Found a transporter.
 23447 | Gauntlet | Found a transporter.
 23453 | Gauntlet | Found a transporter.
 23468 | Gauntlet | Found a transporter.
 23480 | Gauntlet | Found a transporter.
 23486 | Gauntlet | Found a transporter.
 23486 | Gauntlet | Found a transporter.
 23525 | Gauntlet | Found a transporter.
 23527 | Gauntlet | Found a runed translucent gate.
 23527 | Gauntlet | Found a runed translucent gate.
 23527 | Gauntlet | Found a runed translucent gate.
 23535 | Gauntlet | Found a large runed translucent door.
 23535 | Gauntlet | Found a large runed translucent door.
 23535 | Gauntlet | Found a large runed translucent door.
 23535 | Gauntlet | Found a large runed translucent door.
 23536 | Gauntlet | Found a large runed translucent door.
 23536 | Gauntlet | Found a large runed translucent door.
 23537 | Gauntlet | Found a large runed translucent door.
 23537 | Gauntlet | Found a large runed translucent door.
 23538 | Gauntlet | Found a large runed translucent door.
 23538 | Gauntlet | Found a large runed translucent door.
 23538 | Gauntlet | Found a runed translucent door.
 23538 | Gauntlet | Found a runed translucent door.
 23539 | Gauntlet | Found a large runed translucent door.
 23540 | Gauntlet | Found a large runed translucent door.
 23549 | Gauntlet | Found a large runed translucent door.
 23549 | Gauntlet | Found a large runed translucent door.
 23550 | Gauntlet | Found a large runed translucent door.
 23551 | Gauntlet | Found a large runed translucent door.
 23553 | Gauntlet | Found a transporter.
 23633 | Gauntlet | Found a transporter.
 24235 | Gauntlet | Identified the +1 helmet of Dithmenos's Pride {rPois rN+++
                  | Int+3 Dex-2}
 24269 | Gauntlet | Reached skill level 5 in Stealth
 24303 | Gauntlet | Identified the +2 leather armour "Archiuhi" {rC+ MP+9 Str-4
                  | Int+3}
 24303 | Gauntlet | Identified the +3 glaive of Usecvid {vamp, Int+3}
 24305 | Gauntlet | Identified the +5 battleaxe of the Feather {pain, rF++}
 25068 | Lair:5   | Entered Level 5 of the Lair of Beasts
 25116 | Lair:5   | Reached skill level 5 in Invocations
 25900 | Lair:5   | Paralysed by a hornet for 3 turns
 25908 | Lair:5   | Reached skill level 1 in Maces & Flails
 26541 | Lair:5   | Reached XP level 16. HP: 90/90 MP: 21/34
 26544 | Lair:5   | Identified the ring "Wezeylo" {rC+ Dex+3 SInv Stlth+}
 26556 | Lair:5   | Learned a level 8 spell: Ignition
 27423 | Orc:1    | Entered Level 1 of the Orcish Mines
 27645 | Orc:1    | Noticed Harold
 27659 | Orc:1    | Killed Harold
 28024 | Orc:1    | Found a runed translucent door.
 28037 | Orc:1    | Noticed Ihe Jez's ghost (journeyman HOMo)
 28044 | Orc:1    | Killed Ihe Jez's ghost
 28756 | Orc:2    | Entered Level 2 of the Orcish Mines
 28756 | Orc:2    | Found Enlaigid's General Store.
 28998 | Orc:2    | Found a dark tunnel.
 29003 | Volcano  | Entered a volcano
 29146 | Volcano  | Reached ***** piety under Sif Muna
 29931 | Orc:2    | Received a gift from Sif Muna
 29935 | Orc:2    | Got Ucoavote's Compendium of the Traveller and the Gang
                  | {god gift}
 30032 | Orc:2    | Found a staircase to the Elven Halls.
 30057 | Orc:2    | Found Ephifis's Jewellery Boutique.
 30537 | Orc:2    | Found Supasm's Antique Weapon Emporium.
 30546 | Orc:2    | Bought an encrusted great mace for 276 gold pieces
 30546 | Orc:2    | Identified the +3 great mace "Upreshig" {drain, Int+4} (You
                  | bought it in a shop on level 2 of the Orcish Mines)
 30558 | Orc:2    | Found Estatus's Antique Armour Shoppe.
 30863 | Swamp:1  | Entered Level 1 of the Swamp
 31461 | Swamp:1  | Reached skill level 15 in Fire Magic
 32585 | Swamp:2  | Reached skill level 15 in Spellcasting
 32921 | Swamp:2  | Identified 2 scrolls of acquirement
 32921 | Swamp:2  | Acquired the ring "Sidyudo" {*Corrode Will+ Dex+6}
 32931 | Swamp:2  | Acquired the ring of the King {*Corrode Str+4 Int+6 Dex+5}
 34170 | Swamp:3  | Reached XP level 17. HP: 95/95 MP: 25/36
 34382 | Swamp:4  | Entered Level 4 of the Swamp
 34664 | Swamp:4  | Received a gift from Sif Muna
 34665 | Swamp:4  | Got Fyries's Vademecum on Force {god gift}
 34681 | Swamp:4  | Learned a level 6 spell: Starburst
 34685 | Swamp:4  | Learned a level 3 spell: Stone Arrow
 35658 | Swamp:4  | Noticed the 27-headed Lernaean hydra
 35663 | Swamp:4  | Killed the 27-headed Lernaean hydra
 35895 | Swamp:4  | Reached skill level 1 in Translocations
 36071 | Swamp:4  | Got Sif Muna's Codex of Relocation
 36263 | Swamp:4  | Got a decaying rune of Zot
 36502 | Snake:1  | Entered Level 1 of the Snake Pit
 36837 | Snake:1  | Noticed Kirke
 36841 | Snake:1  | Noticed Aizul
 36842 | Snake:1  | Killed Kirke
 36848 | Snake:1  | Killed Aizul
 36878 | Snake:1  | Received a gift from Sif Muna
 37053 | Snake:1  | Found an opulent altar of Gozag.
 37760 | Snake:2  | Reached XP level 18. HP: 101/101 MP: 27/38
 38324 | Snake:2  | Found an iron altar of Okawaru.
 38822 | Snake:2  | Found Miradgh's Distillery.
 38828 | Snake:2  | Bought a potion of heal wounds for 70 gold pieces
 38828 | Snake:2  | Bought a potion of heal wounds for 70 gold pieces
 38828 | Snake:2  | Bought a potion of haste for 140 gold pieces
 38828 | Snake:2  | Bought a potion of curing for 42 gold pieces
 40108 | Snake:3  | Received a gift from Sif Muna
 40917 | Snake:4  | Entered Level 4 of the Snake Pit
 41488 | Snake:4  | Found Luum's Book Shop.
 41792 | Snake:4  | Learned a level 3 spell: Summon Guardian Golem
 42163 | Snake:4  | Reached XP level 19. HP: 69/107 MP: 19/39
 42314 | Snake:3  | Learned a level 5 spell: Metabolic Englaciation
 42737 | Snake:4  | Reached skill level 1 in Ice Magic
 42756 | Snake:4  | Reached skill level 1 in Earth Magic
 42938 | Snake:4  | Got a serpentine rune of Zot
 43738 | Slime:1  | Entered Level 1 of the Pits of Slime
 45055 | Slime:5  | Entered Level 5 of the Pits of Slime
 45063 | Slime:5  | Received a gift from Sif Muna
 45064 | Slime:5  | Got Sif Muna's Codex of Hot Battling {god gift}
 45195 | Slime:5  | Gained mutation: Your spells are a little easier to cast,
                  | but a little less powerful. [a shining eye]
 45198 | Slime:5  | Lost mutation: Your spells are a little easier to cast, but
                  | a little less powerful. [potion of mutation]
 45198 | Slime:5  | Lost mutation: Your flesh is heat resistant. (rF+) [potion
                  | of mutation]
 45198 | Slime:5  | Gained mutation: Your body sometimes deteriorates upon
                  | taking damage. [potion of mutation]
 45198 | Slime:5  | Gained mutation: Your magical capacity is low. (-10% MP)
                  | [potion of mutation]
 45199 | Slime:5  | Lost mutation: Your magical capacity is low. (-10% MP)
                  | [potion of mutation]
 45199 | Slime:5  | Lost mutation: Your body sometimes deteriorates upon taking
                  | damage. [potion of mutation]
 45199 | Slime:5  | Gained mutation: You expend magic power (3 MP) to
                  | strengthen your wands. [potion of mutation]
 45199 | Slime:5  | Gained mutation: Your body sometimes deteriorates upon
                  | taking damage. [potion of mutation]
 45199 | Slime:5  | Gained mutation: You are weak. (Str -2) [potion of
                  | mutation]
 45199 | Slime:5  | Gained mutation: You are partially covered in iridescent
                  | scales. (AC +2) [potion of mutation]
 45200 | Slime:5  | Lost mutation: Your body sometimes deteriorates upon taking
                  | damage. [potion of mutation]
 45200 | Slime:5  | Lost mutation: You are weak. (Str -2) [potion of mutation]
 45200 | Slime:5  | Lost mutation: You expend magic power (3 MP) to strengthen
                  | your wands. [potion of mutation]
 45200 | Slime:5  | Gained mutation: You are weak. (Str -2) [potion of
                  | mutation]
 45200 | Slime:5  | Gained mutation: Your mind is acute. (Int +4, Str/Dex -1)
                  | [potion of mutation]
 45200 | Slime:5  | Gained mutation: You passively map a small area around you.
                  | [potion of mutation]
 45465 | Slime:5  | Noticed the Royal Jelly
 45475 | Slime:5  | Killed the Royal Jelly
 45929 | Slime:5  | Identified the +1 robe of the Pirate {Str+2}
 45946 | Slime:5  | Learned a level 2 spell: Blink
 46597 | Slime:5  | Identified the amulet of Crawling {Faith Str+4 Int+2}
 46602 | Slime:5  | Got a slimy rune of Zot
 46843 | Slime:4  | Reached XP level 20. HP: 112/112 MP: 16/41
 47128 | Slime:3  | Reached skill level 10 in Invocations
 48141 | Slime:2  | Gained mutation: Potions are less effective at restoring
                  | your health. [a shining eye]
 49240 | Elf:1    | Entered Level 1 of the Elven Halls
 49244 | Elf:1    | Found a runed translucent door.
 49244 | Elf:1    | Found a shimmering altar of Xom.
 49244 | Elf:1    | Noticed Lihit's ghost (adept VSEn)
 49275 | Elf:1    | Killed Lihit's ghost
 49275 | Elf:1    | Received a gift from Sif Muna
 49276 | Elf:1    | Got Sif Muna's Atlas of Vexing Anemomancy {god gift}
 50544 | Elf:1    | Got Liong's Spellbook of Conjury
 51327 | Elf:2    | Found a runed translucent gate.
 51329 | Elf:2    | Reached skill level 5 in Ice Magic
 51478 | Elf:2    | Found a runed translucent gate.
 51478 | Elf:2    | Found a runed translucent gate.
 52361 | Elf:2    | Received a gift from Sif Muna
 52362 | Elf:2    | Got Sif Muna's Excursus on Ruinous Transmogrification {god
                  | gift}
 52381 | Elf:2    | Learned a level 7 spell: Orb of Destruction
 52838 | Elf:3    | Entered Level 3 of the Elven Halls
 52841 | Elf:3    | Reached XP level 21. HP: 102/117 MP: 16/44
 53083 | Elf:3    | Found Ymubamir's General Store.
 53089 | Elf:3    | Bought a potion of curing for 45 gold pieces
 53089 | Elf:3    | Bought a scroll of enchant armour for 112 gold pieces
 53603 | Elf:3    | Found a runed translucent door.
 53605 | Elf:3    | Noticed disskorpion's ghost (adept MfMo)
 53625 | Elf:3    | Identified the +1 pair of boots of Siratt {Str+2 Dex+2}
 54247 | Elf:3    | Identified the staff "Osoonin" {*Corrode rPois rN+ Int+4
                  | Stlth+ Necro}
 54792 | Elf:3    | Identified the amulet "Xuroff" {Harm Fragile rF- Regen+
                  | Str+7}
 54798 | Elf:3    | Identified the staff "Zebuutt" {+Blink rC+ Will+ Str-4
                  | Earth}
 54825 | Elf:3    | Identified the +0 chain mail of the Apprentice {Str+2}
 54938 | Elf:3    | Got the Information on Heavy Illusion
 55308 | Elf:3    | Killed disskorpion's ghost
 55768 | D:12     | Noticed Maurice
 55772 | D:12     | Killed Maurice
 55896 | D:12     | Noticed Nergalle
 55902 | D:12     | Killed Nergalle
 56041 | D:12     | Received a gift from Sif Muna
 56042 | D:12     | Got Sif Muna's Parchment of Conflict and Wanderlust {god
                  | gift}
 56351 | D:12     | Noticed Nessos
 56355 | D:12     | Killed Nessos
 56460 | D:12     | Identified the +3 mace "Saeriwk" {pain, Will+}
 56526 | D:12     | Found a transporter.
 56528 | D:12     | Found Umnasoim's Antique Armour Shop.
 56585 | D:12     | Found a transporter.
 56925 | D:12     | Learned a level 3 spell: Hailstorm
 57169 | Slime:5  | Identified the +4 scale mail "Boqaackap" {Str+2 SInv}
 57402 | D:13     | Found a gate to the Vaults.
 57608 | D:13     | Reached skill level 10 in Shields
 57810 | D:13     | Got the Writings on the Serac and the Queen Bee
 57954 | D:13     | Found Wyfytel's General Store.
 58995 | D:14     | Reached skill level 15 in Conjurations
 59113 | D:14     | Found a runed translucent door.
 59113 | D:14     | Noticed Qipneorch's ghost (journeyman DsCj)
 59119 | D:14     | Identified the +4 trident of Reijumm {heavy, rPois Int+4}
 59557 | D:14     | Killed Qipneorch's ghost
 59742 | D:15     | Entered Level 15 of the Dungeon
 59800 | D:15     | Reached XP level 22. HP: 124/124 MP: 37/46
 60471 | D:15     | Found a staircase to the Depths.
 60686 | Vaults:1 | Entered Level 1 of the Vaults
 60770 | Vaults:1 | Received a gift from Sif Muna
 60780 | Vaults:1 | Got Sif Muna's Almanac of Damaging Breath {god gift}
 61611 | Vaults:1 | Identified the +7 arbalest of the Many Visions {drain, rC+
                  | Str+2 Stlth-}
 61984 | Vaults:1 | Reached skill level 1 in Staves
 62329 | Vaults:2 | Noticed Bai Suzhen
 62335 | Vaults:2 | Killed Bai Suzhen
 62473 | Vaults:2 | Received a gift from Sif Muna
 62473 | Vaults:2 | Identified the +3 dire flail of Somewhere Else {drain,
                  | +Blink rF+ Str+3}
 62474 | Vaults:2 | Got Sif Muna's Writings on Pneumatic Evil {god gift}
 62541 | Vaults:2 | Found a crumbling gateway.
 62552 | Vaults:2 | Found a staircase to the Crypt.
 62575 | Desolati | Entered the Desolation of Salt
 63632 | Vaults:2 | Noticed Jory
 64540 | Vaults:2 | Killed Jory
 64803 | Vaults:2 | Lost mutation: Potions are less effective at restoring your
                  | health. [potion of mutation]
 64803 | Vaults:2 | Lost mutation: You are weak. (Str -2) [potion of mutation]
 64803 | Vaults:2 | Lost mutation: You are partially covered in iridescent
                  | scales. (AC +2) [potion of mutation]
 64803 | Vaults:2 | Gained mutation: You are frail. (-10% HP) [potion of
                  | mutation]
 65084 | Vaults:3 | Reached XP level 23. HP: 116/116 MP: 27/48
 66035 | Vaults:3 | Received a gift from Sif Muna
 66212 | Vaults:5 | Entered Level 5 of the Vaults
 66874 | Vaults:4 | Received a gift from Sif Muna
 67194 | Vaults:4 | Got Sif Muna's Lost Incunable of the Hierophant {god gift}
 67622 | Vaults:4 | Found a runed translucent gate.
 67622 | Vaults:4 | Found a runed translucent gate.
 67624 | Vaults:4 | Found a runed translucent gate.
 67625 | Vaults:4 | Noticed vbjdbsb's ghost (veteran MiFi)
 68351 | Vaults:4 | Received a gift from Sif Muna
 68352 | Vaults:4 | Got Haosk's Almanac of Ruinous Conflagration {god gift}
 68461 | Vaults:4 | Killed vbjdbsb's ghost
 68667 | Vaults:4 | Reached XP level 24. HP: 121/121 MP: 49/49
 68873 | Vaults:5 | Reached XP level 25. HP: 113/126 MP: 42/49
 69196 | Vaults:5 | Learned a level 9 spell: Fire Storm
 69403 | Vaults:5 | Received a gift from Sif Muna
 70008 | Vaults:5 | Identified the +3 leather armour of the Baku {Int+6}
 70120 | Vaults:5 | Identified the +11 mace of Vengeance {pain, rC+ Int+3 SInv}
 70147 | Vaults:5 | Identified the +9 short sword of Fedhas's Esteem {flame,
                  | Int+2 Dex+2 Stlth+}
 70549 | Vaults:5 | Got Sif Muna's Folio of the Undead and Pollution {god gift}
 70641 | Vaults:5 | Got a silver rune of Zot
 70989 | Vaults:5 | Noticed Mennas
 71016 | Vaults:5 | Killed Mennas
 71433 | Vaults:5 | Identified the staff of Misery {rPois rC++ Int+2 Stlth-
                  | Poison}
 71911 | Depths:1 | Entered Level 1 of the Depths
 72338 | Depths:1 | Reached skill level 15 in Invocations
 72499 | Depths:1 | Found a one-way gateway to a ziggurat.
 72502 | Depths:1 | Found a gateway to Hell.
 72992 | Depths:1 | Found an iron altar of Okawaru.
 73313 | Depths:2 | Reached XP level 26. HP: 128/130 MP: 5/50
 73638 | Depths:2 | Identified the +10 great sword of Vutt {heavy, rElec rF-
                  | Str+8 Stlth+}
 73779 | Depths:2 | Found a runed translucent gate.
 73779 | Depths:2 | Found a runed translucent gate.
 73779 | Depths:2 | Found a runed translucent gate.
 73781 | Depths:2 | Identified the +10 great mace of the Known World {freeze,
                  | rCorr MP-9 Str+3}
 73912 | Depths:2 | Found the +7 great mace "Firestarter" {flame, immolate,
                  | rFlCloud rF++}
 73921 | Depths:2 | Found a runed translucent gate.
 73921 | Depths:2 | Found a runed translucent gate.
 73921 | Depths:2 | Found a runed translucent gate.
 74244 | Depths:2 | Acquired 366 gold pieces
 74621 | Depths:2 | Noticed Vv
 74634 | Depths:2 | Killed Vv
 74796 | Depths:2 | Received a gift from Sif Muna
 74957 | Depths:2 | Got Sif Muna's Tome of the Dark Oath {god gift}
 75149 | Depths:2 | Found a one-way gate leading to the halls of Pandemonium.
 75558 | Depths:3 | Found Itwej's Antique Armour Emporium.
 75565 | Depths:3 | Bought a glowing hat for 210 gold pieces
 75603 | Depths:3 | Found Booth's Distillery.
 75607 | Depths:3 | Noticed Margery
 75620 | Depths:3 | Killed Margery
 75987 | Depths:3 | Bought 2 potions of heal wounds for 240 gold pieces
 75987 | Depths:3 | Bought a potion of lignification for 72 gold pieces
 76155 | Depths:3 | Found a one-way gate to the infinite horrors of the Abyss.
 76528 | Depths:3 | Found Roiris's Weapon Emporium.
 76560 | Depths:3 | Found Cisussuk's Magic Scroll Shop.
 76568 | Depths:3 | Bought a scroll of acquirement for 1092 gold pieces
 76570 | Depths:3 | Acquired the +4 kite shield of Piahytsa {+Inv rElec rF-
                  | Will++}
 76651 | Depths:3 | Found Godixush's Tremendous Tomes.
 76687 | Depths:3 | Learned a level 6 spell: Leda's Unmaking
 76708 | Depths:3 | Found Zuqeg's Weapon Shop.
 76818 | Depths:3 | Noticed Saint Roka
 76830 | Depths:3 | Killed Saint Roka
 77484 | Depths:4 | Entered Level 4 of the Depths
 78123 | Depths:4 | Noticed a juggernaut
 78135 | Depths:4 | Killed a juggernaut
 78722 | Depths:4 | Found a gate to the Realm of Zot.
 79507 | Crypt:1  | Entered Level 1 of the Crypt
 79742 | Crypt:1  | Reached XP level 27. HP: 99/135 MP: 35/51
 79791 | Crypt:1  | Found a magical portal.
 79800 | WizLab   | Entered Doroklohe's Tomb
 80039 | WizLab   | Noticed an ancient lich
 80047 | WizLab   | Killed an ancient lich
 82405 | Crypt:2  | Found a shimmering blue altar of Sif Muna.
 82439 | Crypt:2  | Identified the amulet "Jiucruvo" {RegenMP Int+3}
 82723 | Crypt:3  | Entered Level 3 of the Crypt
 82906 | Crypt:3  | Received a gift from Sif Muna
 83019 | Crypt:3  | Identified the +8 whip "Hellblazer" {drain, rC- Int+3
                  | Dex+3}
 83807 | Crypt:3  | Identified the amulet of the Locust {RegenMP rF+ rN+ Str+3
                  | Dex+3}
 84125 | Crypt:3  | Found an ancient bone altar of Kikubaaqudgha.
 84127 | Crypt:3  | Noticed a dread lich
 84135 | Crypt:3  | Killed a dread lich
 84168 | Crypt:3  | Noticed a dread lich
 84176 | Crypt:3  | Killed a dread lich
 84331 | Crypt:3  | Identified the +0 battleaxe "Dragon's Tongue" {flame, *Rage
                  | rElec SInv}
 84616 | Crypt:3  | Identified the +7 short sword "Veaqow" {heavy, rF++ Str+2
                  | Dex-3}
 84869 | Crypt:3  | Found a staircase to the Tomb.
 85096 | Crypt:3  | Identified the +0 pair of gloves of the Invisible Hand
                  | {Str+4}
 85111 | Crypt:3  | Got the Quarto of the Hidden Xalams
 85517 | Hell     | Entered the Vestibule of Hell
 85517 | Hell     | Noticed Geryon
 85523 | Hell     | Noticed Murray
 85794 | Depths:3 | Lost mutation: Your mind is acute. (Int +4, Str/Dex -1)
                  | [potion of mutation]
 85794 | Depths:3 | Lost mutation: You passively map a small area around you.
                  | [potion of mutation]
 85794 | Depths:3 | Gained mutation: Your muscles are strong. (Str +4, Int/Dex
                  | -1) [potion of mutation]
 85794 | Depths:3 | Gained mutation: Your flesh is cold resistant. (rC+)
                  | [potion of mutation]
 85794 | Depths:3 | Lost mutation: Your muscles are strong. (Str +4, Int/Dex
                  | -1) [potion of mutation]
 86171 | Tomb:1   | Entered Level 1 of the Tomb of the Ancients
 86295 | Tomb:1   | Received a gift from Sif Muna
 86693 | Tomb:1   | Noticed a royal mummy
 86694 | Tomb:1   | Noticed a royal mummy
 86699 | Tomb:1   | Noticed a royal mummy
 86700 | Tomb:1   | Killed a royal mummy
 86700 | Tomb:1   | Killed a royal mummy
 86745 | Tomb:1   | Killed a royal mummy
 88131 | Pan      | Entered Pandemonium
 88539 | Pan      | Noticed Obrip the pandemonium lord
 88543 | Pan      | Killed Obrip the pandemonium lord
 88692 | Pan      | Got a demonic rune of Zot
 89381 | Pan      | Received a gift from Sif Muna
 89384 | Pan      | Got Sif Muna's Vademecum on Fulgent Dislocation {god gift}
 89384 | Pan      | Identified the +8 tower shield "Ecsichua" {+Blink rC- Str+4
                  | Int+3}
 89617 | Pan      | Reached skill level 5 in Air Magic
 90816 | Pan      | Identified the +0 shortbow "Death Rattle" {freeze, rN+
                  | Will+ Str+2 Stlth+}
 90961 | Pan      | Found a glowing silver altar of Zin.
 91008 | Pan      | Lost mutation: You are frail. (-10% HP) [potion of
                  | mutation]
 91008 | Pan      | Lost mutation: Your flesh is cold resistant. (rC+) [potion
                  | of mutation]
 91008 | Pan      | Gained mutation: Your body sometimes deteriorates upon
                  | taking damage. [potion of mutation]
 91008 | Pan      | Gained mutation: You expend magic power (3 MP) to
                  | strengthen your wands. [potion of mutation]
 91009 | Pan      | Lost mutation: You expend magic power (3 MP) to strengthen
                  | your wands. [potion of mutation]
 91009 | Pan      | Lost mutation: Your body sometimes deteriorates upon taking
                  | damage. [potion of mutation]
 91009 | Pan      | Gained mutation: You are clumsy. (Dex -2) [potion of
                  | mutation]
 91009 | Pan      | Gained mutation: One of your tentacles bears a spike.
                  | [potion of mutation]
 91010 | Pan      | Lost mutation: You are clumsy. (Dex -2) [potion of
                  | mutation]
 91010 | Pan      | Lost mutation: One of your tentacles bears a spike. [potion
                  | of mutation]
 91010 | Pan      | Gained mutation: You occasionally shout uncontrollably at
                  | your foes. [potion of mutation]
 91010 | Pan      | Gained mutation: You have a pair of small antennae on your
                  | head. [potion of mutation]
 91010 | Pan      | Gained mutation: You are dopey. (Int -2) [potion of
                  | mutation]
 91010 | Pan      | Gained mutation: Your flesh is cold resistant. (rC+)
                  | [potion of mutation]
 91011 | Pan      | Lost mutation: You occasionally shout uncontrollably at
                  | your foes. [potion of mutation]
 91011 | Pan      | Lost mutation: You have a pair of small antennae on your
                  | head. [potion of mutation]
 91011 | Pan      | Gained mutation: One of your tentacles bears a spike.
                  | [potion of mutation]
 91188 | Pan      | Identified the +2 tower shield of Dixoik {rC+ Dex+2}
 91570 | Pan      | Identified the +2 plate armour of Liberty {rN+ Str+2
                  | Stlth+}
 91570 | Pan      | Identified the ring of Ashenzari's Approval {rF+ Will+
                  | Int-5 Dex+2 SInv}
 91854 | Pan      | Noticed a seraph
 91856 | Pan      | Killed a seraph
 91910 | Pan      | Found a glowing golden altar of the Shining One.
 92292 | Pan      | Received a gift from Sif Muna
 92304 | Pan      | Identified the +11 morningstar "Huhuyp" {spect, rCorr
                  | Str+5}
 93194 | Pan      | Received a gift from Sif Muna
 93302 | Pan      | Found a white marble altar of Elyvilon.
 94209 | Pan      | Found an exit through the horrors of the Abyss.
 94425 | Pan      | Noticed Ceagof the pandemonium lord
 94429 | Pan      | Killed Ceagof the pandemonium lord
 94939 | Pan      | Reached skill level 27 in Spellcasting
 96197 | Pan      | Received a gift from Sif Muna
 96572 | Pan      | Noticed Gukimo the pandemonium lord
 96585 | Pan      | Killed Gukimo the pandemonium lord
 96587 | Pan      | Reached skill level 5 in Translocations
 97409 | Pan      | Received a gift from Sif Muna
 98732 | Pan      | Noticed Fiuguoli the pandemonium lord
 98739 | Pan      | Killed Fiuguoli the pandemonium lord
 99181 | Pan      | Received a gift from Sif Muna
 99911 | Pan      | Found an exit through the horrors of the Abyss.
100103 | Pan      | Reached skill level 10 in Summonings
100744 | Pan      | Received a gift from Sif Muna
101136 | Pan      | Entered the realm of Lom Lobon.
101468 | Pan      | Learned a level 7 spell: Spellforged Servitor
101476 | Pan      | Learned a level 7 spell: Malign Gateway
102355 | Pan      | Noticed Lom Lobon
102366 | Pan      | Killed Lom Lobon
102650 | Pan      | Got a magical rune of Zot
103095 | Pan      | Reached ****** piety under Sif Muna
103097 | Pan      | Reached skill level 15 in Shields
103892 | Pan      | Found an exit through the horrors of the Abyss.
104324 | Pan      | Found a runed translucent door.
104657 | Pan      | Noticed Finat the pandemonium lord
104706 | Pan      | Killed Finat the pandemonium lord
105825 | Depths:2 | Escaped Pandemonium
106059 | Depths:1 | Identified the +4 war axe "Bung" {protect, Str+3 Int+2}
106187 | Depths:3 | Bought a potion of heal wounds for 120 gold pieces
106187 | Depths:3 | Bought a potion of heal wounds for 120 gold pieces
106187 | Depths:3 | Bought a potion of haste for 240 gold pieces
106187 | Depths:3 | Bought a potion of curing for 72 gold pieces
106187 | Depths:3 | Bought a potion of curing for 72 gold pieces
106187 | Depths:3 | Bought a potion of ambrosia for 192 gold pieces
106651 | Zig:1    | Entered Level 1 of a ziggurat
106680 | Zig:2    | Entered Level 2 of a ziggurat
106774 | Zig:3    | Entered Level 3 of a ziggurat
106887 | Zig:4    | Entered Level 4 of a ziggurat
106924 | Zig:4    | Lost mutation: One of your tentacles bears a spike. [potion
                  | of mutation]
106924 | Zig:4    | Lost mutation: Your flesh is cold resistant. (rC+) [potion
                  | of mutation]
106924 | Zig:4    | Lost mutation: You are dopey. (Int -2) [potion of mutation]
106924 | Zig:4    | Gained mutation: Your spells are a little harder to cast,
                  | but a little more powerful. [potion of mutation]
106924 | Zig:4    | Gained mutation: Your magical capacity is low. (-10% MP)
                  | [potion of mutation]
106939 | Zig:5    | Entered Level 5 of a ziggurat
106946 | Zig:5    | Reached skill level 10 in Ice Magic
106953 | Zig:5    | Identified the staff of the Valley of Death {rC+ Dex+3 Ice}
106959 | Zig:5    | Identified the amulet of Ikhliury {Faith Str+4 Stlth+}
106999 | Zig:6    | Entered Level 6 of a ziggurat
107020 | Zig:6    | Identified the staff of Guile {rPois SInv Poison}
107022 | Zig:6    | Identified the ring of Haoch {Fly rF++ Int-4 Dex+6}
107033 | Zig:6    | Identified the +1 dagger of Hatred {freeze, rElec rPois
                  | Stlth+}
107055 | Zig:7    | Entered Level 7 of a ziggurat
107269 | Zig:8    | Entered Level 8 of a ziggurat
107295 | Zig:8    | Identified the +2 mace "Puackic" {freeze, *Rage rF+++ Str-2
                  | SInv}
107297 | Zig:8    | Identified the +6 tower shield "Otruis" {rF+ Str+3 Int+2
                  | Dex-2}
107349 | Zig:9    | Entered Level 9 of a ziggurat
107413 | Zig:9    | Identified the +4 hand axe of Oruuj {heavy, *Noise rElec
                  | rF+ Str+3}
107422 | Zig:9    | Identified the +6 war axe of Noon {freeze, rElec Int+2
                  | Stlth-}
107423 | Zig:9    | Identified the amulet "Jonnow" {Reflect Harm rF+++ rC-
                  | Will+++ SH+5}
107508 | Zig:10   | Entered Level 10 of a ziggurat
107692 | Zig:10   | Identified the ring "Tusapi" {*Corrode rElec rPois AC+4
                  | Int+5}
107772 | Zig:10   | Learned a level 6 spell: Dispersal
107780 | Zig:10   | Learned a level 7 spell: Ozocubu's Refrigeration
107790 | Zig:10   | Learned a level 7 spell: Monstrous Menagerie
107953 | Zig:11   | Entered Level 11 of a ziggurat
108181 | Zig:11   | Identified the ring of Wishful Thinking {Ice *Corrode rPois
                  | Will+++ Slay+4 SInv}
108218 | Zig:12   | Entered Level 12 of a ziggurat
108225 | Zig:12   | Noticed a royal mummy
108227 | Zig:12   | Killed a royal mummy
108227 | Zig:12   | Noticed a royal mummy
108229 | Zig:12   | Killed a royal mummy
108493 | Zig:12   | Identified the ring "Bogeocw" {rC+ Will+}
108500 | Zig:12   | Identified the +2 great sword of the Visions {elec, rC+}
108558 | Zig:13   | Entered Level 13 of a ziggurat
108568 | Zig:13   | Reached skill level 15 in Summonings
108587 | Zig:13   | Identified the +6 spear "Hihoilyo" {chaos, rF+ Stlth+}
108684 | Zig:14   | Entered Level 14 of a ziggurat
108891 | Zig:14   | Identified the ring of Soonus {Wiz rC+ rN+ Dex+3}
108914 | Zig:14   | Identified the staff "Vyohov" {rPois rC+ Stlth+ Tloc Ice}
108975 | Zig:14   | Learned a level 8 spell: Lehudib's Crystal Spear
108978 | Zig:15   | Entered Level 15 of a ziggurat
108990 | Zig:15   | Noticed a royal mummy
108990 | Zig:15   | Noticed a royal mummy
108992 | Zig:15   | Killed a royal mummy
108992 | Zig:15   | Killed a royal mummy
109007 | Zig:15   | Noticed a royal mummy
109009 | Zig:15   | Killed a royal mummy
109010 | Zig:15   | Reached skill level 5 in Earth Magic
109022 | Zig:15   | Found the +12 glaive of Prune {freeze, Prune}
109030 | Zig:15   | Identified the +11 orcbow of the Lair of Beasts {heavy,
                  | Drain rPois SInv}
109082 | Zig:16   | Entered Level 16 of a ziggurat
109096 | Zig:16   | Noticed Joicarac the pandemonium lord
109097 | Zig:16   | Killed Joicarac the pandemonium lord
109321 | Zig:16   | Identified the +0 quarterstaff of Diet Blood {pain, Dex+3}
109333 | Zig:16   | Identified the +11 spear of Doom {elec, rElec rF+}
109369 | Zig:17   | Entered Level 17 of a ziggurat
109375 | Zig:17   | Noticed an ancient lich
109380 | Zig:17   | Killed an ancient lich
109380 | Zig:17   | Noticed an ancient lich
109384 | Zig:17   | Noticed an ancient lich
109386 | Zig:17   | Killed an ancient lich
109386 | Zig:17   | Killed an ancient lich
109521 | Zig:17   | Found the +4 Cigotuvi's embrace {Corpsefed rMiasma Drain
                  | rN+}
109566 | Zig:17   | Identified the +10 war axe of the World {flame, rCorr}
109567 | Zig:17   | Identified the amulet "Teytaleo" {Faith rPois Str+3}
109584 | Zig:18   | Entered Level 18 of a ziggurat
109590 | Zig:18   | Noticed a royal mummy
109590 | Zig:18   | Noticed a royal mummy
109593 | Zig:18   | Noticed a royal mummy
109594 | Zig:18   | Killed a royal mummy
109594 | Zig:18   | Killed a royal mummy
109594 | Zig:18   | Noticed a royal mummy
109596 | Zig:18   | Killed a royal mummy
109596 | Zig:18   | Killed a royal mummy
109598 | Zig:18   | Noticed a royal mummy
109602 | Zig:18   | Killed a royal mummy
109608 | Zig:18   | Noticed a royal mummy
109613 | Zig:18   | Killed a royal mummy
109785 | Zig:18   | Identified the +1 mace of Ceanaollon {drain, *Corrode rElec
                  | rF+++ Str-2}
109828 | Zig:18   | Identified the +7 triple crossbow of the Equator {penet,
                  | Int+3}
109840 | Zig:19   | Entered Level 19 of a ziggurat
109845 | Zig:19   | Noticed Amoito the pandemonium lord
109848 | Zig:19   | Noticed Seycza the pandemonium lord
109853 | Zig:19   | Noticed Rihereec the pandemonium lord
109853 | Zig:19   | Killed Seycza the pandemonium lord
109853 | Zig:19   | Noticed Gefingot the pandemonium lord
109854 | Zig:19   | Noticed Miyll the pandemonium lord
109855 | Zig:19   | Killed Miyll the pandemonium lord
109856 | Zig:19   | Killed Rihereec the pandemonium lord
109856 | Zig:19   | Killed Gefingot the pandemonium lord
109856 | Zig:19   | Noticed Qeciuh the pandemonium lord
109858 | Zig:19   | Killed Amoito the pandemonium lord
109858 | Zig:19   | Killed Qeciuh the pandemonium lord
109860 | Zig:19   | Noticed Maphalie the pandemonium lord
109861 | Zig:19   | Killed Naukk the pandemonium lord
109862 | Zig:19   | Killed Maphalie the pandemonium lord
109964 | Zig:19   | Identified the +4 short sword of Fragile Peace {protect,
                  | *Rage rElec Int+2 Dex+3}
109969 | Zig:19   | Identified the +9 orcbow "Ythraria" {freeze, rElec Dex+3}
109996 | Zig:19   | Identified the +9 shortbow of Tenacity {heavy, rF+ rC+
                  | Str+2}
110030 | Zig:20   | Entered Level 20 of a ziggurat
110044 | Zig:20   | Noticed an ancient lich
110045 | Zig:20   | Killed an ancient lich
110071 | Zig:20   | Noticed an ancient lich
110072 | Zig:20   | Killed an ancient lich
110075 | Zig:20   | Noticed an ancient lich
110077 | Zig:20   | Killed an ancient lich
110077 | Zig:20   | Noticed an ancient lich
110081 | Zig:20   | Killed an ancient lich
110089 | Zig:20   | Reached skill level 15 in Ice Magic
110248 | Zig:20   | Identified the +8 sling of Conn's Bloody Death {heavy,
                  | Dex+3 SInv}
110263 | Zig:20   | Identified the +3 scale mail "Lososing" {rF+ rCorr Int+3
                  | Slay+2}
110265 | Zig:20   | Identified the +1 ring mail of Polytheism {rElec rF+ Will+
                  | Dex+3}
110266 | Zig:20   | Identified the staff "Lucri" {rF+ Str+3 Dex+3 Fire}
110284 | Zig:21   | Entered Level 21 of a ziggurat
110494 | Zig:21   | Found the +8 Vampire's Tooth {megavamp}
110527 | Zig:21   | Identified the +10 morningstar "Maesihynn" {venom, rF+}
110536 | Zig:21   | Identified the ring of Vuzoklec {Wiz rPois Dex+3 Slay+3}
110541 | Zig:21   | Identified the ring "Kucus" {Fly rElec rC+ Will+}
110547 | Zig:21   | Identified the +4 sling of Yroreac {heavy, Dex+2}
110552 | Zig:21   | Identified the amulet "Nadwiegg" {RegenMP rPois rF++ rC-
                  | Will+++}
110584 | Zig:21   | Identified the ring "Tairhuga" {rPois rCorr Str+7}
110604 | Zig:22   | Entered Level 22 of a ziggurat
110614 | Zig:22   | Noticed a juggernaut
110620 | Zig:22   | Noticed a juggernaut
110621 | Zig:22   | Killed a juggernaut
110621 | Zig:22   | Noticed a juggernaut
110623 | Zig:22   | Killed a juggernaut
110623 | Zig:22   | Killed a juggernaut
110626 | Zig:22   | Noticed a juggernaut
110626 | Zig:22   | Noticed a juggernaut
110627 | Zig:22   | Killed a juggernaut
110628 | Zig:22   | Noticed a juggernaut
110628 | Zig:22   | Noticed a juggernaut
110628 | Zig:22   | Noticed a juggernaut
110629 | Zig:22   | Killed a juggernaut
110629 | Zig:22   | Killed a juggernaut
110630 | Zig:22   | Killed a juggernaut
110630 | Zig:22   | Killed a juggernaut
110657 | Zig:22   | Reached skill level 27 in Fire Magic
110853 | Zig:22   | Identified the +6 orcbow of Honour {flame, rF+ MP+9 Str+3}
110874 | Zig:22   | Identified the ring of Aqisaet {rF+ Will- Dex+4}
110875 | Zig:22   | Identified the +7 quarterstaff "Fatuuc" {flame, rPois rF-
                  | rC- Str+3}
110937 | Zig:23   | Entered Level 23 of a ziggurat
110946 | Zig:23   | Reached skill level 10 in Fighting
110948 | Zig:23   | Noticed a juggernaut
110949 | Zig:23   | Killed a juggernaut
110949 | Zig:23   | Noticed a juggernaut
110954 | Zig:23   | Noticed a juggernaut
110954 | Zig:23   | Killed a juggernaut
110955 | Zig:23   | Noticed a juggernaut
110955 | Zig:23   | Noticed a juggernaut
110955 | Zig:23   | Noticed a juggernaut
110955 | Zig:23   | Killed a juggernaut
110958 | Zig:23   | Killed a juggernaut
110959 | Zig:23   | Reached skill level 10 in Dodging
110959 | Zig:23   | Killed a juggernaut
110959 | Zig:23   | Killed a juggernaut
110961 | Zig:23   | Noticed a juggernaut
110966 | Zig:23   | Killed a juggernaut
110986 | Zig:23   | Reached skill level 10 in Stealth
111054 | Zig:23   | Found the +11 plutonium sword {Contam Stlth-}
111057 | Zig:23   | Found the brooch of Shielding {Spirit SH+8}
111069 | Zig:23   | Identified the ring "Jighureck" {rF+ rC+++ rCorr Str-5
                  | Int+7}
111084 | Zig:23   | Identified the ring "Yghiad" {rF+ rC+ rN+ Dex+2}
111085 | Zig:23   | Identified the +8 plate armour "Rusicyr" {Will+ Slay+6}
111104 | Zig:23   | Learned a level 9 spell: Polar Vortex
111118 | Zig:23   | Identified the staff of Currency {rC+ rN+ Str+4 Int+5
                  | Necro}
111136 | Zig:23   | Identified the amulet of Codoig {Acrobat rF+ Will++}
111209 | Zig:24   | Entered Level 24 of a ziggurat
111228 | Zig:24   | Reached skill level 27 in Conjurations
111533 | Zig:24   | Identified the +1 chain mail of Optimism {rElec Dex-2 SInv}
111548 | Zig:24   | Identified the +8 battleaxe of the Howling Gods {flame,
                  | rF++ Will++ Int-5}
111570 | Zig:24   | Identified the +0 dagger of Conscience {pain, Will++ Str-2
                  | Int+7}
112283 | D:3      | Killed Ijyb
112985 | Hell     | Killed Geryon
112988 | Hell     | Killed Murray
113172 | Hell     | Found a gateway to the ashen valley of Gehenna.
113257 | Hell     | Found a gateway to the decaying netherworld of Tartarus.
113307 | Hell     | Found a gateway to the freezing wastes of Cocytus.
113333 | Hell     | Found a gateway to the Iron City of Dis.
113399 | Coc:1    | Entered Level 1 of Cocytus
114710 | Coc:7    | Entered Level 7 of Cocytus
115670 | Coc:7    | Noticed the Serpent of Hell
115674 | Coc:7    | Killed the Serpent of Hell
116036 | Coc:7    | Reached skill level 5 in Hexes
116784 | Coc:7    | Found the +3 giant club "Skullcrusher" {speed, Str+7}
116785 | Coc:7    | Identified the amulet of the Jocular Mango {Faith rC+ Int-2
                  | Stlth+}
117009 | Coc:7    | Identified the ring "Lohuis" {rPois Int+3}
117009 | Coc:7    | Noticed Antaeus
117015 | Coc:7    | Killed Antaeus
117225 | Coc:7    | Got an icy rune of Zot
117581 | Geh:1    | Entered Level 1 of Gehenna
120422 | Geh:6    | Noticed a dread lich
120436 | Geh:6    | Killed a dread lich
120831 | Geh:7    | Entered Level 7 of Gehenna
121282 | Geh:7    | Reached skill level 15 in Dodging
121995 | Geh:7    | Identified the ring "Zewkobli" {rF+ Str-3 Int+8 Dex+2}
122149 | Geh:7    | Found the +13 sceptre of Asmodeus
122149 | Geh:7    | Noticed Asmodeus
122169 | Geh:7    | Killed Asmodeus
122514 | Geh:7    | Got an obsidian rune of Zot
122763 | Geh:7    | Identified the +8 sling of the Manifold Souls {freeze, Fly
                  | Int+7}
123413 | Geh:7    | Found the dreamshard necklace {Acrobat *Dream}
123413 | Geh:7    | Found the +2 pair of slick slippers {slick, slippery, EV+4}
123420 | Geh:7    | Identified the ring of Janowaat {Contam rElec rC+ Will+}
123849 | Dis:1    | Entered Level 1 of the Iron City of Dis
123869 | Dis:1    | HP: 8/185 [Hell Sentinel/damnation (48)]
124266 | Dis:1    | Reached skill level 15 in Fighting
124415 | Dis:2    | Noticed a juggernaut
124419 | Dis:2    | Killed a juggernaut
124694 | Dis:2    | Reached skill level 1 in Necromancy
125524 | Dis:4    | You fall into a shaft and drop 1 floor!
125998 | Dis:7    | Entered Level 7 of the Iron City of Dis
128145 | Dis:7    | Noticed a juggernaut
128151 | Dis:7    | Killed a juggernaut
128201 | Dis:7    | Learned a level 9 spell: Dragon's Call
128323 | Dis:7    | Identified the +10 falchion of Hell's Wrath {flame, Str+2
                  | Dex+2}
128323 | Dis:7    | Noticed Dispater
128339 | Dis:7    | Killed Dispater
128340 | Dis:7    | Reached skill level 10 in Air Magic
130304 | Dis:7    | Found the +8 longbow "Zephyr" {speed, Dex+3 SInv}
130341 | Dis:7    | Got an iron rune of Zot
130426 | Dis:7    | Reached skill level 10 in Translocations
131344 | Dis:7    | Reached skill level 10 in Earth Magic
131593 | Dis:7    | Noticed a juggernaut
131597 | Dis:7    | Killed a juggernaut
131794 | Dis:7    | Found the +3 Mad Mage's Maulers {Infuse+∞ VampMP -Cast}
131809 | Dis:7    | Identified the staff of Yesterday {Fragile rPois rN+ MP+9
                  | Conj}
131812 | Dis:7    | Identified the +7 scimitar of the Three Shrikes {venom, rN+
                  | Str+2 Stlth+}
132766 | Tar:1    | Entered Level 1 of Tartarus
133848 | Tar:3    | Reached skill level 15 in Stealth
134512 | Tar:4    | You fall into a shaft and drop 2 floors!
134990 | Tar:7    | Entered Level 7 of Tartarus
135609 | Tar:7    | Identified the +0 chain mail "Casitu" {Int+3}
135620 | Tar:7    | Identified the +7 shortbow of Nyramol {flame, rElec rPois
                  | Stlth+}
135689 | Tar:7    | Learned a level 5 spell: Lee's Rapid Deconstruction
135719 | Tar:7    | Learned a level 9 spell: Shatter
136129 | Tar:7    | Reached skill level 5 in Staves
136490 | Tar:7    | Reached skill level 1 in Evocations
137228 | Tar:7    | Reached skill level 5 in Necromancy
137347 | Tar:7    | Noticed Ereshkigal
137355 | Tar:7    | Killed Ereshkigal
137558 | Tar:7    | Got a bone rune of Zot
137649 | Tar:7    | Identified the +10 dagger of Spontaneous Combustion {flame,
                  | Str+7}
137709 | Tar:7    | Identified the +1 cloak of Hedging {+Blink Str-5 Int+6}
139723 | Tomb:2   | Noticed a royal mummy
139724 | Tomb:2   | Noticed a royal mummy
139726 | Tomb:2   | Noticed a royal mummy
139726 | Tomb:2   | Noticed a royal mummy
139726 | Tomb:2   | Noticed a royal mummy
139728 | Tomb:2   | Killed a royal mummy
139728 | Tomb:2   | Killed a royal mummy
139732 | Tomb:2   | Killed a royal mummy
139733 | Tomb:2   | Killed a royal mummy
139734 | Tomb:2   | Reached skill level 1 in Shapeshifting
139734 | Tomb:2   | Killed a royal mummy
140477 | Tomb:2   | Acquired the +5 Storm Queen's Shield {shock, Fly rElec}
140477 | Tomb:2   | Found the +5 Storm Queen's Shield {shock, Fly rElec}
140574 | Tomb:1   | Noticed a royal mummy
140574 | Tomb:1   | Noticed a royal mummy
140577 | Tomb:1   | Killed a royal mummy
140579 | Tomb:1   | Killed a royal mummy
140580 | Tomb:1   | Reached skill level 15 in Earth Magic
140690 | Tomb:1   | Noticed a royal mummy
140695 | Tomb:1   | Killed a royal mummy
140699 | Tomb:1   | Noticed a royal mummy
140702 | Tomb:1   | Noticed a royal mummy
140703 | Tomb:1   | Killed a royal mummy
140709 | Tomb:1   | Killed a royal mummy
140887 | Tomb:1   | Noticed a royal mummy
140890 | Tomb:1   | Killed a royal mummy
140948 | Tomb:1   | Noticed a royal mummy
140954 | Tomb:1   | Killed a royal mummy
140954 | Tomb:1   | Noticed a royal mummy
140955 | Tomb:1   | Noticed a royal mummy
140958 | Tomb:1   | Killed a royal mummy
140958 | Tomb:1   | Killed a royal mummy
141160 | Tomb:1   | Noticed a royal mummy
141169 | Tomb:1   | Killed a royal mummy
141182 | Tomb:1   | Noticed a royal mummy
141254 | Tomb:1   | Killed a royal mummy
141484 | Tomb:1   | Noticed a royal mummy
141488 | Tomb:1   | Killed a royal mummy
141681 | Tomb:1   | Noticed a royal mummy
141681 | Tomb:1   | Noticed a royal mummy
141685 | Tomb:1   | Killed a royal mummy
141685 | Tomb:1   | Killed a royal mummy
141704 | Tomb:1   | Noticed a royal mummy
141706 | Tomb:1   | Killed a royal mummy
141712 | Tomb:1   | Noticed a royal mummy
141714 | Tomb:1   | Killed a royal mummy
141736 | Tomb:1   | Noticed a royal mummy
141897 | Tomb:1   | Noticed a royal mummy
141897 | Tomb:1   | Noticed a royal mummy
141900 | Tomb:1   | Killed a royal mummy
141900 | Tomb:1   | Killed a royal mummy
141985 | Tomb:1   | Killed a royal mummy
142549 | Tomb:3   | Entered Level 3 of the Tomb of the Ancients
142570 | Tomb:3   | Noticed a royal mummy
142572 | Tomb:3   | Killed a royal mummy
142577 | Tomb:3   | Noticed a royal mummy
142578 | Tomb:3   | Killed a royal mummy
142591 | Tomb:3   | Noticed a royal mummy
142593 | Tomb:3   | Noticed a royal mummy
142596 | Tomb:3   | Killed a royal mummy
142596 | Tomb:3   | Noticed a royal mummy
142598 | Tomb:3   | Killed a royal mummy
142598 | Tomb:3   | Killed a royal mummy
142609 | Tomb:3   | Noticed a royal mummy
142609 | Tomb:3   | Noticed a royal mummy
142611 | Tomb:3   | Killed a royal mummy
142611 | Tomb:3   | Killed a royal mummy
142643 | Tomb:3   | Noticed a royal mummy
142645 | Tomb:3   | Killed a royal mummy
142682 | Tomb:3   | Noticed a royal mummy
142684 | Tomb:3   | Killed a royal mummy
142968 | Tomb:3   | Identified the ring "Gaiskan" {rC+ Will+}
142999 | Tomb:3   | Got a golden rune of Zot
143263 | Tomb:3   | Identified the +1 robe of Cakhluen {rElec Str+2}
143265 | Tomb:3   | Identified the staff of the Original Sin {rF- rN+ Str+3
                  | Necro}
143266 | Tomb:3   | Identified the staff "Ditih" {rElec rC+ rN+ Dex+2 Stlth-
                  | Necro}
143267 | Tomb:3   | Identified the +7 chain mail "Bygif" {Harm}
143269 | Tomb:3   | Identified the +0 helmet of the Armadillo {Rampage rF++
                  | Int+3}
143270 | Tomb:3   | Identified the staff "Locwisma" {rElec rF- rN+ Str+3 Air}
143322 | Tomb:3   | Identified the +0 war axe of Yragodui {venom, rPois}
143340 | Tomb:3   | Identified the +5 sling "Xaboocs" {heavy, rF+++ Int-3 Dex+3
                  | SInv Stlth+}
143350 | Tomb:3   | Identified the +0 robe of Amorality {*Corrode rElec Str+3
                  | Dex+5}
143864 | Zig:1    | Entered Level 1 of a ziggurat
143937 | Zig:2    | Entered Level 2 of a ziggurat
143983 | Zig:3    | Entered Level 3 of a ziggurat
143996 | Zig:3    | Identified the +0 robe "Cary" {rF++ Str+3 Slay-3}
144033 | Zig:4    | Entered Level 4 of a ziggurat
144063 | Zig:5    | Entered Level 5 of a ziggurat
144098 | Zig:5    | Identified the +0 chain mail "Buzev" {Rampage}
144245 | Zig:6    | Entered Level 6 of a ziggurat
144269 | Zig:6    | Identified the +2 arbalest "Jimp" {speed, rElec}
144288 | Zig:7    | Entered Level 7 of a ziggurat
144349 | Zig:7    | Identified the +5 ring mail of the Beloved God {rPois Str+5
                  | Dex-3}
144367 | Zig:7    | Identified the +6 rapier of Juluc {freeze, *Slow rPois
                  | rC+++ Stlth+}
144373 | Zig:8    | Entered Level 8 of a ziggurat
144506 | Zig:8    | Identified the +2 short sword "Naatt" {drain, *Slow rElec
                  | rCorr Str+4}
144524 | Zig:9    | Entered Level 9 of a ziggurat
144555 | Zig:9    | Reached skill level 5 in Shapeshifting
144566 | Zig:9    | Identified the ring "Hefim" {rCorr Stlth+}
144711 | Zig:10   | Entered Level 10 of a ziggurat
144719 | Zig:10   | Noticed Fouqegos the pandemonium lord
144722 | Zig:10   | Killed Fouqegos the pandemonium lord
145032 | Zig:10   | Found the macabre finger necklace {Finger+ rN+}
145063 | Zig:10   | Identified the +6 scale mail of Poor Excuses {rC+ rN++
                  | Will+ MP-9}
145076 | Zig:11   | Entered Level 11 of a ziggurat
145087 | Zig:11   | Noticed a dread lich
145089 | Zig:11   | Killed a dread lich
145299 | Zig:11   | Identified the +8 falchion of the Realm of Zot {heavy,
                  | Drain rPois rF++ MP+9 Dex+3}
145319 | Zig:11   | Acquired the +1 hat of the Meadowlark {Dex+5}
145334 | Zig:11   | Identified the amulet of Izethit {Spirit rElec rN+}
145335 | Zig:11   | Identified the +7 shortbow of Niffies {drain, Str-4 Int+3
                  | Dex+2 SInv}
145353 | Zig:12   | Entered Level 12 of a ziggurat
145504 | Zig:12   | Identified the +0 scale mail of Sif Muna's Hatred {Harm}
145509 | Zig:12   | Identified the +1 chain mail of Shielding {+Blink Will+}
145532 | Zig:13   | Entered Level 13 of a ziggurat
145659 | Zig:13   | Identified the +9 spear of the Valley of Death {antimagic,
                  | Dex+3}
145732 | Zig:14   | Entered Level 14 of a ziggurat
145753 | Zig:14   | Noticed a dread lich
145754 | Zig:14   | Killed a dread lich
145973 | Zig:14   | Identified the +0 cloak of Idazig {rPois Str+2 Slay-4}
145990 | Zig:14   | Identified the staff "Mopelat" {rElec Int+5 Air}
146002 | Zig:14   | Identified the staff of the Three Youths {rC+ Str+2 Ice}
146013 | Zig:15   | Entered Level 15 of a ziggurat
146034 | Zig:15   | Noticed a juggernaut
146035 | Zig:15   | Killed a juggernaut
146039 | Zig:15   | Killed a juggernaut
146255 | Zig:15   | Identified the staff "Gefephaj" {rPois rC+ Dex-3 SInv
                  | Stlth+ Ice}
146304 | Zig:16   | Entered Level 16 of a ziggurat
146321 | Zig:16   | Noticed an ancient lich
146323 | Zig:16   | Noticed an ancient lich
146324 | Zig:16   | Killed an ancient lich
146324 | Zig:16   | Killed an ancient lich
146329 | Zig:16   | Noticed a dread lich
146332 | Zig:16   | Killed a dread lich
146383 | Zig:16   | Identified the +7 orcbow "Dragonbane" {elec, rPois}
146405 | Zig:16   | Identified the +3 halberd "Esalebim" {heavy, +Blink Str-4
                  | SInv}
146427 | Zig:17   | Entered Level 17 of a ziggurat
146466 | Zig:17   | Noticed an ancient lich
146469 | Zig:17   | Killed an ancient lich
146469 | Zig:17   | Noticed a dread lich
146473 | Zig:17   | Killed a dread lich
146476 | Zig:17   | Noticed a dread lich
146480 | Zig:17   | Killed a dread lich
146716 | Zig:17   | Identified the staff "Istip" {rF+ rCorr MP-9 SInv Fire}
146717 | Zig:17   | Identified the staff "Qikhlerr" {Fragile rF++ rC+ Will+++
                  | rCorr Dex-4 Ice}
146764 | Zig:18   | Entered Level 18 of a ziggurat
147042 | Zig:19   | Entered Level 19 of a ziggurat
147273 | Zig:19   | Identified the ring "Raytawye" {rF++ rN+ Int-4 Dex+5}
147335 | Zig:19   | Identified the staff "Vutsut" {rElec rCorr Int+5 Stlth+
                  | Earth}
147370 | Zig:19   | Identified the amulet "Guonkie" {Acrobat rF+ Dex+3}
147390 | Zig:20   | Entered Level 20 of a ziggurat
147413 | Zig:20   | Noticed a juggernaut
147413 | Zig:20   | Noticed a juggernaut
147418 | Zig:20   | Noticed a juggernaut
147419 | Zig:20   | Killed a juggernaut
147421 | Zig:20   | Killed a juggernaut
147421 | Zig:20   | Killed a juggernaut
147497 | Zig:20   | Reached skill level 10 in Staves
147653 | Zig:20   | Found the ring of the Tortoise {AC+8}
147665 | Zig:20   | Identified the +4 chain mail "Baud" {rElec}
147673 | Zig:20   | Identified the +6 leather armour "Plog" {Will+ Str+4 Dex+3}
147737 | Zig:21   | Entered Level 21 of a ziggurat
148016 | Zig:21   | Identified the +6 sling "Deshra" {drain, rPois Int+3 Dex-4}
148017 | Zig:21   | Identified the +9 battleaxe of Reul Pur {venom, *Rage
                  | *Noise rPois rN+++}
148019 | Zig:21   | Identified the staff of Dominance {rPois rC+ MP+9 Poison}
148039 | Zig:21   | Identified the ring of Etegg {Drain +Blink rElec Str+3
                  | Dex+6 Slay+3}
148050 | Zig:21   | Identified the ring "Housinwo" {Fly Will+}
148059 | Zig:21   | Identified the +12 sling of the Scuffed God {elec, Str+3}
148135 | Zig:22   | Entered Level 22 of a ziggurat
148306 | Zig:22   | Identified the +2 hand axe "Fouwy" {flame, *Noise rElec
                  | Str+4 Dex+6}
148312 | Zig:22   | Identified the +0 battleaxe of the Enemy {heavy, rCorr MP+9
                  | Str-2 Int+3}
148315 | Zig:22   | Reached skill level 10 in Shapeshifting
148319 | Zig:22   | Identified the staff "Pideib" {rF+ Dex+2 Fire}
148324 | Zig:22   | Identified the +4 halberd of Understanding {spect, rC+
                  | Dex+6}
148328 | Zig:22   | Identified the ring of Midwinter {rElec rPois rC+}
148340 | Zig:22   | Identified the +0 mace "Acestru" {protect, rC+}
148414 | Zig:23   | Entered Level 23 of a ziggurat
148460 | Zig:23   | Noticed Waawk the pandemonium lord
148463 | Zig:23   | Killed Waawk the pandemonium lord
148886 | Zig:23   | Identified the +2 hat of a treasure trove {rN++}
148901 | Zig:23   | Identified the +8 shortbow of Twilight {flame, *Slow rPois
                  | rCorr Dex+4}
148912 | Zig:23   | Identified the +7 whip "Rummage" {freeze, rN+}
148921 | Zig:23   | Identified the +2 spear "Dipi Zuat" {antimagic, Drain Str+3
                  | Stlth+}
149005 | Zig:24   | Entered Level 24 of a ziggurat
149038 | Zig:24   | Gained mutation: You are vulnerable to cold. (rC-) [a
                  | shining eye]
149051 | Zig:24   | Reached skill level 15 in Air Magic
149218 | Zig:24   | Found the +5 robe of Night {Dark Will+ SInv}
149241 | Zig:24   | Identified the +11 arbalest of Tenacity {freeze, rN+ Will+}
149380 | Zig:24   | Identified the +2 shortbow of Cuokkoub {drain, Dex+3}
149401 | Zig:24   | Identified the +7 plate armour "Botux" {rC- Str+5}
149406 | Zig:24   | Identified the scarf of Temperance {rC+ rF+, Str+4 Dex+4}
149409 | Zig:24   | Identified the +7 flail of Yprua {heavy, rElec rF+}
149411 | Zig:24   | Identified the amulet of Bovinuve {+Inv rPois rF+ rN+
                  | Regen+}
149427 | Zig:25   | Entered Level 25 of a ziggurat
149504 | Zig:25   | Noticed an ancient lich
149511 | Zig:25   | Killed an ancient lich
149857 | Zig:25   | Found the +7 mace of Variability {chaos, chaos arc}
149858 | Zig:25   | Found the +8 trishula "Condemnation" {holy, anguish, *Noise
                  | Fly rN+}
149922 | Zig:25   | Identified the staff "Utuil" {rPois rF+ MP-9 Conj}
149935 | Zig:25   | Identified the amulet "Biyd" {Acrobat Str+4 Dex+3}
149937 | Zig:25   | Identified the +7 orcbow of the Lost Planets {drain, rC+
                  | rCorr Int+3 Dex-3}
149939 | Zig:25   | Identified the +9 short sword "Mafeid" {venom, rN++}
149945 | Zig:25   | Identified the amulet "Vakodusch" {Reflect rElec Str+3
                  | Int+3 Dex+6 SH+5}
149952 | Zig:25   | Identified the +10 great sword "Killer Klown's Curse"
                  | {vamp, Int+4}
149953 | Zig:25   | Identified the +7 quarterstaff of Beddewia {freeze, Str+6}
150359 | Zot:1    | Entered Level 1 of the Realm of Zot
152047 | Zot:2    | Found a transporter.
152516 | Zot:2    | Found a transporter.
152529 | Zot:2    | Noticed an orb of fire
152531 | Zot:2    | Noticed an orb of fire
152533 | Zot:2    | Noticed an ancient lich
152536 | Zot:2    | Noticed an orb of fire
152546 | Zot:2    | Gained mutation: Your magical capacity is very low. (-20%
                  | MP) [an orb of fire]
152547 | Zot:2    | Killed an ancient lich
152548 | Zot:2    | Killed an orb of fire
152549 | Zot:2    | Gained mutation: Your body sometimes deteriorates upon
                  | taking damage. [an orb of fire]
152552 | Zot:2    | Killed an orb of fire
152552 | Zot:2    | Killed an orb of fire
152818 | Zot:2    | Identified the ring "Jeofalon" {rPois Will+ Int+3}
152840 | Zot:2    | Identified the amulet of Vanity {Faith Will+}
153514 | Zot:3    | Noticed an orb of fire
153515 | Zot:3    | Gained mutation: Your body often deteriorates upon taking
                  | damage. [an orb of fire]
153868 | Zot:3    | Killed an orb of fire
155394 | Zot:4    | Found the +0 mask of the Dragon {Will+ Slay+3 SInv}
155396 | Zot:4    | Identified the ring "Hoec" {Contam rPois rCorr Stlth+}
156239 | Zot:4    | Found a transporter.
156671 | Zot:4    | Found a transporter.
156969 | Zot:5    | Entered Level 5 of the Realm of Zot
157445 | Zot:5    | Found a runed translucent door.
157568 | Zot:5    | Noticed RichitheSlayer's ghost (legendary HOFi)
157580 | Zot:5    | Found the ring of the Octopus King
157586 | Zot:5    | Killed RichitheSlayer's ghost
157699 | Zot:5    | Identified a ring of the Octopus King {rN+ HP+2 AC+2 EV+2
                  | SH+2}
157934 | Zot:5    | Noticed an orb of fire
157950 | Zot:5    | Gained mutation: You are frail. (-10% HP) [an orb of fire]
157952 | Zot:5    | Gained mutation: Your magical capacity is extremely low.
                  | (-30% MP) [an orb of fire]
157954 | Zot:5    | Gained mutation: You sometimes lose your temper in combat.
                  | [an orb of fire]
157954 | Zot:5    | Killed an orb of fire
157965 | Zot:4    | Lost mutation: You are vulnerable to cold. (rC-) [potion of
                  | mutation]
157965 | Zot:4    | Lost mutation: You sometimes lose your temper in combat.
                  | [potion of mutation]
157966 | Zot:4    | Lost mutation: Your body often deteriorates upon taking
                  | damage. [potion of mutation]
157966 | Zot:4    | Lost mutation: Your body sometimes deteriorates upon taking
                  | damage. [potion of mutation]
157966 | Zot:4    | Gained mutation: You are agile. (Dex +4, Str/Int -1)
                  | [potion of mutation]
157966 | Zot:4    | Gained mutation: Your flesh is heat resistant. (rF+)
                  | [potion of mutation]
158119 | Zot:5    | Noticed an orb of fire
158130 | Zot:5    | Noticed an ancient lich
158131 | Zot:5    | Killed an ancient lich
158136 | Zot:5    | Noticed an ancient lich
158143 | Zot:5    | Killed an ancient lich
158158 | Zot:5    | Killed an orb of fire
158341 | Zot:5    | Noticed an ancient lich
158344 | Zot:5    | Killed an ancient lich
158395 | Zot:5    | Noticed an orb of fire
158401 | Zot:5    | Killed an orb of fire
158499 | Zot:5    | Noticed a dread lich
158502 | Zot:5    | Killed a dread lich
158930 | Zot:5    | Noticed an orb of fire
158936 | Zot:5    | Killed an orb of fire
159100 | Zot:5    | Noticed an ancient lich
159106 | Zot:5    | Killed an ancient lich
159152 | Zot:5    | Noticed a dread lich
159156 | Zot:5    | Killed a dread lich
159267 | Zot:5    | Noticed an orb of fire
159270 | Zot:5    | Killed an orb of fire
159272 | Zot:5    | Reached skill level 27 in Earth Magic
159818 | Zot:5    | Got the Orb of Zot
159856 | Zot:5    | Noticed Ziekuri the pandemonium lord
159857 | Zot:5    | Killed Ziekuri the pandemonium lord
160307 | D:11     | Noticed Ziuguog the pandemonium lord
160313 | D:11     | Killed Ziuguog the pandemonium lord
160709 | D:$      | Escaped with the Orb!

Illustrated notes

Levels and vault maps discovered:
D:1:      dpeg_arrival_rhombus, layout_basic,
          shapermc_ecumenical_altar_mp_urbaneastern
D:2:      layout_loops_cross, basic_altar, minmay_misc_feat_five
D:3:      layout_basic, uniq_sigmund, uniq_ijyb, uniq_terence
D:4:      layout_basic, minmay_temple_entry_crystal_x,
          cheibrodos_sewer_entry_sluice, nicolae_eternal_life
D:5:      layout_basic, nicolae_overflow_two_pavilions
D:6:      gammafunk_steamed_eel, layout_basic, kb_lookout_dungeons_type
D:7:      layout_gridville, nicolae_ru_the_path_less_chosen, enter_bailey_6
D:8:      layout_basic, biasface_ghost_orc_armoury, minmay_ruined_shrine,
          uniq_amaemon
D:9:      layout_layer_cave, lair_entry_dummy, special_room [special_room_orc],
          nicolae_rejected_hall
D:10:     layout_cave_pools, nicolae_sif_muna_condensation
D:11:     cheibrodos_magma_flow, layout_loops_corners, david_orc_3, uniq_erica,
          uniq_lodul
D:12:     layout_loops_ring, serial_shops, nicolae_shop_drivethru,
          nicolae_kite_square_tiling_tiny, uniq_maurice, uniq_nergalle,
          uniq_nessos
D:13:     layout_roguey, erik_vaults_2, serial_shops, shop, minivault_15
D:14:     layout_small_grid, ebering_ghost_funeral_grove, dk_noncrumbling_3
D:15:     grunt_enter_depths_hoard, layout_cave_pools
Temple:   mainiacjoe_temple_bowtie_tessellation
Lair:1:   kb_forest_paths, layout_big_grid
Lair:2:   nzn_winding_woodlands_stair_cross [nzn_winding_woodlands_5x15_jagged,
          nzn_winding_woodlands_center_pierced_h,
          nzn_winding_woodlands_5x15_pockets,
          nzn_winding_woodlands_5x5_perimeter, nzn_winding_woodlands_hourglass,
          nzn_winding_woodlands_5x15_parted,
          nzn_winding_woodlands_center_garden,
          nzn_winding_woodlands_5x15_concentric], layout_regular_city,
          nicolae_swamp_entry_spooky, minmay_snake_entry_spellcaster,
          guppyfry_lair_drakes
Lair:3:   layout_roguey, minmay_lindwurm_lava, grunt_megastairs_3
Lair:4:   layout_gridlike, dpeg_slime_entry_enclosed, gauntlet_entry_generic
Lair:5:   hangedman_lair_tendril_chambers, layout_loops_ring,
          cheibrodos_lair_lostbears, serial_bayou_shore_b
Swamp:1:  layout_basic_swamp, infiniplex_staircase_pool_2, swamp_pool5
Swamp:2:  layout_basic_swamp, nicolae_swamp_tree_isthmus
Swamp:3:  layout_basic_swamp, evilmike_swamp_ruin_house_5, swamp_pool4,
          worms_lemuel
Swamp:4:  swamp_basic_johnstein, layout_basic_swamp
Snake:1:  layout_onion, basic_altar, uniq_kirke, uniq_aizul
Snake:2:  layout_onion, serial_shops, nicolae_shop_waterfront,
          lemuel_oklob_altar, serial_bayou_shore_a, nicolae_triple_integral
Snake:3:  layout_onion_interference
Snake:4:  johnstein_snake_rune_scales, layout_basic, serial_shops,
          nicolae_shop_window_shopping, serial_bayou_shore_b
Slime:1:  layout_caves
Slime:2:  layout_caves
Slime:3:  layout_caves
Slime:4:  layout_caves
Slime:5:  slime_pit_nicolae_inversion
Orc:1:    nicolae_orc_accident_2, layout_caves, ebering_ghost_reflecting_pool,
          basic_altar, kennysheep_orc_chapel, uniq_harold
Orc:2:    grunt_orc_gardens, layout_caves, grunt_orc_garden, grunt_orc_garden,
          grunt_orc_garden, grunt_orc_garden, nicolae_volcano_entry_s_turn,
          special_room
Elf:1:    layout_loops_cross, ebering_ghost_xom, minmay_elf_sorcery,
          nicolae_elf_stone_circles, nicolae_elf_blasts_and_bolts
Elf:2:    elven_hall_of_blades_hangedman_original
          [nicolae_blade_entry_area_security], layout_loops_cross
Elf:3:    minmay_elf_hall_quartered_circle, layout_loops_corners, serial_shops,
          nicolae_shop_trees, ebering_ghost_reflecting_pool
Vaults:1: nicolae_vaults_yaktaur_gun_rack, nicolae_vaults_closet_pinwheel_3,
          nicolae_vaults_trapezoid_lopsided_2, nicolae_vaults_tangram_2,
          nicolae_vaults_hexular_roomagon, nicolae_vaults_specimen_jars,
          v_pattern_5, layout_vaults_omnigrid
Vaults:2: portal_desolation_entry_nicolae_nacl,
          minmay_crypt_entry_nasty_monster, nicolae_vaults_little_squares_1,
          v_misc_17, nicolae_vaults_door_testing_chamber,
          hangedman_vaults_variations, nicolae_vaults_wrenched, v_misc_4,
          vaults_room_hangedman_quadrants, nicolae_vaults_layer_cake_slice,
          v_alt_pattern_5, hangedman_vaults_cutoff, layout_vaults_maze_snakey,
          uniq_bai_suzhen, uniq_jory
Vaults:3: ontoclasm_vaults_ring_large, nicolae_vaults_storage_closets_1,
          vaults_mumra_hex, v_pattern_2, nicolae_vaults_puzzle_piece,
          nicolae_vaults_offset_grid_hallway_3, ontoclasm_vaults_ring_large,
          nicolae_vaults_ring_of_whatevers, hangedman_vaults_pinch, v_misc_22,
          nicolae_vaults_security_offices_6, nicolae_vaults_apartment_2,
          layout_vaults_omnibox
Vaults:4: gammafunk_ghost_ooze, nicolae_vaults_network_star,
          nicolae_vaults_little_squares_3, vaults_room_pools,
          nicolae_vaults_angled_halls, nicolae_vaults_trapezoid_lopsided_2,
          special_room_vaults [special_room_orc],
          vaults_standard_mumra_enter_the_diamond, v_misc_17,
          nicolae_vaults_storage_room_statues, nicolae_vaults_trapezoid_2,
          layout_vaults_ring
Vaults:5: uniq_mennas
Crypt:1:  layout_misc_corridors, mu_enter_wizlab_5
Crypt:2:  layout_basic, grunt_ministairs_15, hangedman_summoners_spam
Crypt:3:  quadcrypt_mu
Tomb:1
Tomb:2
Tomb:3
Depths:1: layout_basic, enter_ziggurat_e, okawaru_ov_weapons_minmay, hell_entry,
          serial_curves, eino_curves_03, eino_curves_01, due_unseen_surprise
Depths:2: kennysheep_treasure_stockpile, layout_twisted_cross,
          grunt_pan_entry_in_and_out, pf_dread_powers_of_hell,
          minmay_alternating_orb, uniq_vv
Depths:3: dreamdust_experimentation, layout_basic, serial_shops, shop, shop,
          nicolae_shop_temple_entry_statues_fountains,
          nicolae_shop_industrial_runoff, shop, minmay_room_of_horrors,
          abandoned_shop, hell_entry, nicolae_shop_i_like_big_books,
          infiniplex_staircase_split_hallway, serial_bayou_shore_b,
          uniq_margery, uniq_saint_roka
Depths:4: evilmike_zot_entry_diamond, layout_honeycomb, hell_entry,
          serial_bayou_shore_b
Hell
Dis:1:    nicolae_dis_heavy_security, layout_subdivisions
Dis:2:    layout_jigsaw, nicolae_dis_step_into_the_octagon
Dis:3:    layout_gridville, nicolae_dis_grated_feature
Dis:4:    layout_jigsaw
Dis:5:    nicolae_dis_hell_of_blades
Dis:6:    layout_gridville
Dis:7:    dis_st
Geh:1:    layout_gehenna_pools_basic
Geh:2:    layout_gehenna_lava_caves
Geh:3:    layout_gehenna_pools_triple
Geh:4:    layout_gehenna_pools_basic, nicolae_hells_hurtin_island
Geh:5:    layout_gehenna_pools_triple
Geh:6:    layout_gehenna_pools_basic
Geh:7:    evilmike_geh
Coc:1:    layout_cocytus_delve
Coc:2:    layout_cocytus_water_paths
Coc:3:    layout_cocytus_delve
Coc:4:    layout_cocytus_delve
Coc:5:    layout_cocytus_delve
Coc:6:    layout_cocytus_water_paths
Coc:7:    coc_old
Tar:1:    layout_grid_maze
Tar:2:    layout_honeycomb
Tar:3:    layout_catacombs
Tar:4:    layout_grid_maze, nicolae_tar_cuneiform_heaven
Tar:6:    layout_honeycomb, nicolae_tar_cuneiform_city
Tar:7:    tar_mu [tar_mu_maze]
Zot:1:    layout_gridlike, hangedman_hellfire_club
Zot:2:    gammafunk_dig_for_victory, layout_cathedral_of_symmetry
Zot:3:    lemuel_draconian_sentries, layout_misc_corridors, drop_trap,
          uniq_parghit
Zot:4:    layout_cathedral_of_symmetry,
          chequers_guarded_unrand_mask_of_the_dragon, grunt_megastairs_2
Zot:5:    layout_cathedral_of_symmetry, ebering_ghost_reflecting_pool

Skill      XL: |  1  2  3  4  5  6  7  8  9 10 11 12 13 14 15 16 17 18 19 20 21 22 23 24 25 26 27 |
---------------+----------------------------------------------------------------------------------+-----
Stealth        | 3 4 5 6 7 21 | 21.6
Shields        | 1 2 3 4 6 9 10 25 | 25.2
Spellcasting   | 3 4 5 6 8 9 11 13 14 15 16 17 19 20 21 22 23 24 27 | 27.0
Conjurations   | 2 3 4 5 8 9 10 11 12 13 14 15 17 18 19 27 | 27.0
Fire Magic     | 4 5 8 9 11 13 15 17 18 19 20 21 22 27 | 27.0
Polearms       | 1 2 |  2.0
Air Magic      | 1 2 3 17 | 17.3
Poison Magic   | 2 3 |  3.0
Summonings     | 2 4 5 17 | 17.5
Hexes          | 1 2 3 4 6 |  6.6
Dodging        | 3 6 7 8 21 | 21.3
Fighting       | 1 2 3 21 | 21.8
Invocations    | 2 5 7 9 10 12 13 14 15 | 15.3
Maces & Flails | 1 2 |  2.3
Translocations | 1 2 3 4 11 | 11.5
Ice Magic      | 3 5 26 | 26.7
Earth Magic    | 3 27 | 27.0
Staves         | 1 14 | 14.6
Necromancy     | 6 |  6.9
Evocations     | 1 |  1.1
Shapeshifting  | 11 | 11.4
Long Blades    | |  0.6

Action                     |  1- 3 |  4- 6 |  7- 9 | 10-12 | 13-15 | 16-18 | 19-21 | 22-24 | 25-27 || total
---------------------------+-------+-------+-------+-------+-------+-------+-------+-------+-------++-------
  Melee: Unarmed           |     9 |       |       |       |       |       |       |       |       ||     9
         Constrict         |     9 |     2 |    17 |     1 |    12 |    19 |    13 |    14 |    38 ||   125
         Punch             |     1 |       |       |       |       |     1 |     2 |     1 |     7 ||    12
         Scimitar          |    22 |       |       |       |       |       |       |       |       ||    22
         Tentacles         |     6 |     1 |    16 |     1 |    26 |    25 |    36 |    34 |   116 ||   261
         Halberd           |       |     5 |    45 |       |       |       |       |       |       ||    50
         Mace              |       |       |    10 |     7 |    48 |    26 |    26 |     7 |    18 ||   142
         Staff             |       |       |       |       |    21 |    38 |    69 |    74 |   264 ||   466
         Kick              |       |       |       |       |       |       |       |       |    58 ||    58
   Cast: Foxfire           |    55 |    16 |   311 |   141 |   411 |   216 |    40 |    26 |    43 ||  1259
         Scorch            |       |     8 |    45 |    42 |   214 |    61 |     8 |     4 |     4 ||   386
         Inner Flame       |       |       |    23 |    22 |    31 |    11 |     4 |     2 |     3 ||    96
         Flame Wave        |       |       |     1 |     5 |    61 |    37 |       |       |       ||   104
         Mephitic Cloud    |       |       |     4 |     7 |    29 |    24 |    13 |     3 |    11 ||    91
         Call Imp          |       |       |     3 |       |     3 |       |       |       |       ||     6
         Fireball          |       |       |       |       |    49 |   351 |   180 |    58 |   114 ||   752
         Iskenderun's Myst |       |       |       |       |    16 |    22 |    96 |    42 |   268 ||   444
         Summon Lightning  |       |       |       |       |    10 |     6 |     6 |       |       ||    22
         Volatile Blastmot |       |       |       |       |     6 |       |       |       |       ||     6
         Iskenderun's Batt |       |       |       |       |     2 |       |       |       |       ||     2
         Ignition          |       |       |       |       |       |    20 |   114 |    69 |   167 ||   370
         Magic Dart        |       |       |       |       |       |     1 |       |       |       ||     1
         Starburst         |       |       |       |       |       |    17 |   119 |   147 |   365 ||   648
         Stone Arrow       |       |       |       |       |       |     5 |     8 |       |     5 ||    18
         Summon Guardian G |       |       |       |       |       |     1 |     3 |     1 |     3 ||     8
         Metabolic Englaci |       |       |       |       |       |       |     6 |     4 |    19 ||    29
         Blink             |       |       |       |       |       |       |     3 |     8 |    22 ||    33
         Orb of Destructio |       |       |       |       |       |       |    20 |     4 |   663 ||   687
         Hailstorm         |       |       |       |       |       |       |       |     1 |    32 ||    33
         Fire Storm        |       |       |       |       |       |       |       |       |  1166 ||  1166
         Leda's Unmaking   |       |       |       |       |       |       |       |       |   129 ||   129
         Lehudib's Crystal |       |       |       |       |       |       |       |       |   220 ||   220
         Polar Vortex      |       |       |       |       |       |       |       |       |    96 ||    96
         Shatter           |       |       |       |       |       |       |       |       |    24 ||    24
         Lee's Rapid Decon |       |       |       |       |       |       |       |       |     8 ||     8
         Monstrous Menager |       |       |       |       |       |       |       |       |     5 ||     5
         Dragon's Call     |       |       |       |       |       |       |       |       |     3 ||     3
         Borgnjor's Revivi |       |       |       |       |       |       |       |       |     3 ||     3
         Malign Gateway    |       |       |       |       |       |       |       |       |     2 ||     2
         Spellforged Servi |       |       |       |       |       |       |       |       |     1 ||     1
         Death's Door      |       |       |       |       |       |       |       |       |     1 ||     1
 Invoke: Channel Magic     |       |       |       |       |     4 |    16 |    19 |    11 |   173 ||   223
         Forget Spell      |       |       |       |       |       |       |     1 |       |     9 ||    10
         Divine Exegesis   |       |       |       |       |       |       |       |       |     6 ||     6
Ability: Begin Untransform |       |       |       |       |       |       |       |       |     1 ||     1
         Evoke Damnation   |       |       |       |       |       |       |       |       |     1 ||     1
  Evoke: Wand              |       |       |       |     5 |     2 |     1 |       |     1 |     2 ||    11
         Box of beasts     |       |       |       |     2 |       |       |       |       |       ||     2
         Figurine of a zig |       |       |       |       |       |       |       |       |     1 ||     1
    Use: Scroll            |     2 |       |    12 |     8 |    12 |     7 |     6 |     2 |    36 ||    85
         Potion            |       |     2 |     1 |     5 |     5 |     2 |    14 |    10 |   104 ||   143
   Stab: Sleeping          |     5 |     1 |     2 |       |     2 |     2 |     2 |     2 |     5 ||    21
         Confused          |       |       |       |       |     3 |     8 |     1 |       |       ||    12
         Distracted        |       |       |       |       |       |       |     2 |       |     1 ||     3
         Invisible         |       |       |       |       |       |       |       |       |     1 ||     1
 Armour: Skin              |     1 |     1 |     2 |     1 |    29 |    14 |    28 |    12 |   135 ||   223
  Dodge: Dodged            |    18 |       |    64 |    25 |   136 |   145 |    93 |    65 |   352 ||   898
  Block: Buckler           |       |       |       |       |    53 |    63 |       |       |       ||   116
         Kite shield       |       |       |       |       |       |    10 |   163 |   138 |   364 ||   675
         Tower shield      |       |       |       |       |       |       |       |       |   460 ||   460
         Reflection        |       |       |       |       |       |       |       |       |    34 ||    34
   Form: Death             |       |       |       |       |       |       |       |       |     1 ||     1

Table legend: (Time is in decaauts)
 A = Elapsed time spent in this place.
 B = Non-inter-level travel time spent in this place.
 C = Inter-level travel time spent in this place.
 D = Time resting spent in this place.
 E = Time spent auto-exploring this place.
 F = Levels seen in this place.
 G = Mean time per level.
                   A        B        C        D        E       F      G
               +--------+--------+--------+--------+--------+-----+--------+
         Total | 160838 | 153377 |   7461 |  34760 |  75583 | 149 | 1079.4 |
       Dungeon |  24608 |  22070 |   2538 |   3247 |  13303 |  15 | 1640.5 |
        Temple |     71 |     71 |      0 |      0 |      0 |   1 |   71.0 |
          Lair |   9212 |   8628 |    584 |   2191 |   4186 |   5 | 1842.4 |
         Swamp |   5233 |   5038 |    195 |   1348 |   2742 |   4 | 1308.2 |
     Snake Pit |   7185 |   6991 |    194 |   1816 |   3748 |   4 | 1796.2 |
    Slime Pits |   5253 |   5048 |    205 |   1960 |   2152 |   5 | 1050.6 |
  Orcish Mines |   2703 |   2634 |     69 |    440 |   1511 |   2 | 1351.5 |
   Elven Halls |   6227 |   6082 |    145 |   1095 |   3558 |   3 | 2075.7 |
        Vaults |  11540 |  10752 |    788 |   1153 |   6994 |   5 | 2308.0 |
         Crypt |   6047 |   5140 |    907 |    615 |   2966 |   3 | 2015.7 |
          Tomb |   6419 |   6226 |    193 |   2469 |   1334 |   3 | 2139.7 |
        Depths |   8534 |   7576 |    958 |   1023 |   4664 |   4 | 2133.5 |
          Hell |    716 |    706 |     10 |      0 |    238 |   1 |  716.0 |
           Dis |   8817 |   8616 |    201 |   3296 |   3781 |   7 | 1259.6 |
       Gehenna |   6200 |   6110 |     90 |   1893 |   2348 |   7 |  885.7 |
       Cocytus |   4068 |   3935 |    133 |   1794 |   1100 |   7 |  581.1 |
      Tartarus |   5947 |   5796 |    151 |   1154 |   3506 |   6 |  991.2 |
           Zot |   9649 |   9555 |     94 |   3018 |   3913 |   5 | 1929.8 |
   Pandemonium |  17635 |  17635 |      0 |    921 |  11773 |   7 | 2519.3 |
      Ziggurat |  11065 |  11065 |      0 |   4333 |    748 |  49 |  225.8 |
         Sewer |    496 |    496 |      0 |     61 |    281 |   1 |  496.0 |
        Bailey |    678 |    678 |      0 |    306 |      0 |   1 |  678.0 |
       Volcano |    651 |    651 |      0 |     95 |    220 |   1 |  651.0 |
        Wizlab |    656 |    656 |      0 |    196 |    233 |   1 |  656.0 |
    Desolation |    227 |    227 |      0 |    143 |      0 |   1 |  227.0 |
      Gauntlet |    989 |    989 |      0 |    189 |    283 |   1 |  989.0 |
               +--------+--------+--------+--------+--------+-----+--------+

Top non-repeatable levels by time:
   Dis:7: 6689 daAuts
  Tomb:1: 4091 daAuts
     D:9: 3753 daAuts
   Tar:7: 3721 daAuts
 Crypt:3: 3018 daAuts
   Geh:7: 2952 daAuts
Vaults:5: 2851 daAuts
Vaults:4: 2797 daAuts
   Coc:7: 2758 daAuts
   Zot:5: 2623 daAuts
    D:11: 2586 daAuts
  Lair:2: 2576 daAuts
Vaults:2: 2551 daAuts
Depths:2: 2537 daAuts
   Zot:2: 2389 daAuts
